Workbook
Name A: Listados!$E$27:$E$28
Name B: Listados!$C$27
Name CALIFICACIÓNPROBABILIDAD: Listados!$E$2:$E$6
Name CATEGORIARIESGOS: Listados!$A$2:$A$11
Name CLASIFICACONTROL: Listados!$I$2:$I$4
Name CLASIFICARIESGO: Listados!$D$2:$D$8
Name Corrupción: Listados!$J$27:$J$29
Name DESCRIPTOR: Listados!$F$2:$F$6
Name DESCRIPTORIMPACTO: Listados!$G$2:$G$6
Name DESCRIPTORPROBABILIDAD: Listados!$F$2:$F$6
Name deteccion: Listados!$R$2:$R$5
Name E: Listados!$F$27:$F$29
Name FACTORESEXTERNOS: Listados!$B$2:$B$8
Name FACTORESINTERNOS: Listados!$C$2:$C$13
Name FACTORESINTERNOS1: Listados!$C$2:$C$15
Name M: Listados!$D$27
Name No: Listados!$I$27
Name OPCIONESMANEJO: Listados!$M$2:$M$5
Name PONDERACIÓN: Listados!$K$21:$K$24
Name PROCESOS: #REF!
Name PROCESOS1: #REF!
Name RTA: Listados!$K$2:$K$3
Name Si: Listados!$H$27:$H$28
Name TIPOCONTROL: Listados!$J$21:$J$23
Name TIPOIMPACTO: Listados!$H$7:$H$11

Sheet MATRIZ DE RIESGOS
C1: MATRIZ DE RIESGOS GESTIÓN A LA IMPARCIALIDAD | AO1: Codigo: Anexo 1 - LN-1.1-01 FECHA: 2020-08-27 Versión 02
A3: FECHA: | C3: Junio de 2020 | E3: OBJETIVO DE ANÁLISIS: | H3: Establecer los riesgos asociados a la imparcialidad de ONAC derivados de sus relaciones y las relaciones de su personal de conformidad con lo establecido en la norma ISO/IEC 17011 | N3: ELABORÓ: | O3: Asesora Jurídica
A5: PROCESO: | C5: Direccionamiento estratégico | G5: FECHA DE ACTUALIZACIÓN | H5: Junio de 2020 | L5: REVISÓ: | M5: Dirección Ejecutiva
A7: IDENTIFICACIÓN DEL RIESGO | I7: ANÁLISIS Y CALIFICACIÓN DEL RIESGO ANTES DE CONTROLES | N7: IDENTIFICACIÓN Y TIPOS DE CONTROLES | AE7: ANÁLISIS Y CALIFICACIÓN DEL RIESGO DESPUÉS DE CONTROLES | AJ7: OPCIÓN DE MANEJO | AK7: MECANISMO DE DETECCIÓN DE MATERIALIZACIÓN | AL7: ACTIVIDADES DE TRATAMIENTO | AM7: RESPONSABLE DE LA ACCIÓN | AN7: FECHA INICIO | AO7: FECHA FINAL | AP7: SEGUIMIENTO
A8: GRUPO DE INTERÉS | B8: EVENTO | C8: DESCRIPCIÓN DEL RIESGO | D8: CAUSAS | E8: FACTORES | G8: CONSECUENCIAS POTENCIALES | H8: CLASIFICACIÓN DEL RIESGO | I8: PROBABILIDAD | K8: IMPACTO | M8: EVALUACIÓN ZONA RIESGO | N8: CONTROLES | O8: CLASIFICACIÓN DEL CONTROL | P8: PROBABILIDAD | AB8: IMPACTO | AD8: VALORACIÓN DEL CONTROL | AE8: PROBABILIDAD | AG8: IMPACTO | AI8: EVALUACIÓN ZONA RIESGO
E9: Externos | F9: Internos | I9: CALIFICACIÓN | J9: DESCRIPTOR | K9: CALIFICACIÓN | L9: DESCRIPTOR | M9: B | P9: Herramientas para ejercer el control | T9: Responsables de ejercer el control | V9: Frecuencia de Aplicación del Control | X9: Efectividad de la aplicación del control | Z9: Seguimiento a la aplicación del control | AB9: En caso de no aplicar o que falle el control: ¿Cuenta con un plan de respaldo, de contingencia, copias de seguridad, pólizas de seguro? | AI9: B
M10: M | P10: ¿El control se aplica mediante algún sistema de información o herramienta tecnológica? | R10: ¿Existe algún documento formal que indique la aplicación del control? | T10: Están definidos los responsables de la ejecución del control? | V10: ¿El control se aplica todas las veces que se realiza la actividad crítica? | X10: ¿En el tiempo que lleva implementado el control ha demostrado ser efectivo? | Z10: ¿Existe algún mecanismo para hacer seguimiento a la aplicación del control? | AE10: CALIFICACIÓN | AF10: DESCRIPTOR | AG10: CALIFICACIÓN | AH10: DESCRIPTOR | AI10: M
M11: A | AI11: A
M12: E | AI12: E
A13: Asociados | B13: Participación en procesos de decisión | C13: Aprobar en Asamblea General, iniciativas o propuestas presentadas por un asociado que a su vez esté acreditado y que sobrepongan un interés particular, sobre el interés general. | D13: Presión Comercial y financiera. El asociado, se afilia a la corporación advirtíendo el interés en el que actúa (directos, indirectos y de gobierno). | E13: Económicos | F13: Jurídico | G13: Incumplimiento de requisitos de imparcialidad, e incumplimiento a las funciones Estatutarias | H13: Estratégico | I13: 2 | J13: =VLOOKUP(I13,Listados!$E$1:$F$6,2) -> Improbable | K13: 4 | L13: =VLOOKUP(K13,Listados!$E$1:$G$6,3) -> Mayor | M13: =IF(I13<>"",(INDEX(Listados!$B$34:$G$39,MATCH(I13,Listados!$B$34:$B$39,0),MATCH(K13,Listados!$B$34:$G$34,0))),"") -> A | N13: Las decisiones de asamblea son estratégicas y se adoptan por mayoría (de acuerdo a estatutos) | O13: Preventivo | P13: NO | Q13: =VLOOKUP(P13,[1]Preguntas!$K$4:$L$5,2,0) -> 5 | R13: SI | S13: =VLOOKUP(R13,[1]Preguntas!$K$6:$L$7,2,0) -> 15 | T13: SI | U13: =VLOOKUP(T13,[1]Preguntas!$K$8:$L$9,2,0) -> 10 | V13: Siempre | W13: =VLOOKUP(V13,[1]Preguntas!$N$4:$O$6,2,0) -> 15 | X13: Si; la implementación del control ha evitado la ocurrencia del riesgo por más de UN AÑO | Y13: =VLOOKUP(X13,[1]Preguntas!$R$4:$S$8,2,0) -> 20 | Z13: Si; la implementación del control ha evitado la ocurrencia del riesgo por más de un año | AA13: =VLOOKUP(Z13,[1]Preguntas!$U$5:$V$6,2,0) -> 10 | AB13: Si; cubre todos los efectos del riesgo | AC13: =VLOOKUP(AB13,[1]Preguntas!$X$5:$Y$7,2,0) -> 20 | AD13: =+Q13+S13+U13+W13+Y13+AA13+AC13 -> 95 | AE13: =IF(AND(I13>2,AVERAGE(AD13:AD14)>90),I13-2,IF(AND(I13>2,AVERAGE(AD13:AD14)>75),I13-2,IF(AND(I13>1,AVERAGE(AD13:AD14)>50),I13-1,I13))) -> 1 | AF13: =VLOOKUP(AD13,Listados!$E$1:$F$6,2) -> Casi seguro | AG13: =IF(AND(K13>2,AVERAGE(AD13:AD14)>90),K13-2,IF(AND(K13>1,AVERAGE(AD13:AD14)>75),K13-1,IF(AND(K13>1,AVERAGE(AD13:AD14)>50),K13-1,K13))) -> 3 | AH13: =VLOOKUP(AG13,Listados!$E$1:$G$6,3) -> Moderado | AI13: =IF(AE13<>"",(INDEX(Listados!$B$34:$G$39,MATCH(AE13,Listados!$B$34:$B$39,0),MATCH(AG13,Listados!$B$34:$G$34,0))),"") -> M | AJ13: =VLOOKUP(AI13,Listados!$L$2:$M$5,2,0) -> Reducir | AK13: Herramienta de seguimiento | AL13: Revisar desde consejo directivo y comité administrativo el orden del día de la asamblea, para revisar las propuestas que llegarán a presentar. | AM13: Secretarios de los Órganos de Gobierno
N14: Intervención inmediata del Comité de Buen Gobierno para adoptar acciones en el marco de su función | O14: Correctivo | P14: SI | Q14: =VLOOKUP(P14,[1]Preguntas!$K$4:$L$5,2,0) -> 10 | R14: SI | S14: =VLOOKUP(R14,[1]Preguntas!$K$6:$L$7,2,0) -> 15 | T14: SI | U14: =VLOOKUP(T14,[1]Preguntas!$K$8:$L$9,2,0) -> 10 | V14: Siempre | W14: =VLOOKUP(V14,[1]Preguntas!$N$4:$O$6,2,0) -> 15 | X14: Si; la implementación del control ha evitado la ocurrencia del riesgo en el ÚLTIMO AÑO | Y14: =VLOOKUP(X14,[1]Preguntas!$R$4:$S$8,2,0) -> 15 | Z14: Si; la implementación del control ha evitado la ocurrencia del riesgo por más de un año | AA14: =VLOOKUP(Z14,[1]Preguntas!$U$5:$V$6,2,0) -> 10 | AB14: Si; cubre parcialmente los efectos del riesgo | AC14: =VLOOKUP(AB14,[1]Preguntas!$X$5:$Y$7,2,0) -> 10 | AD14: =+Q14+S14+U14+W14+Y14+AA14+AC14 -> 85
A15: Miembros del Consejo Directivo, Comités y Comisiones del Consejo Directivo | B15: Toma de decisiones sesgadas o con existencia de conflictos de interés. | C15: Establecer reglas o politicas estratégicas para ONAC, de manera tal que no guarden la proporción en la participación de las partes interesadas preponderantes. | D15: Naturaleza de la composición del Consejo Directivo, al pertenecer los miembros a intereses directos e indirectos respecto al interés que se tiene en la acreditación. Falta de conocimiento respecto a las funciones estatutarias y reglamentarias de los consejeros y el mecanismo de aplicación de las mismas. Falta de conocimiento respecto a las reglas de imparcialidad del organismo establecidas para su grupo de interés. | E15: Mercado | F15: Estratégico | G15: Incumplimiento de requisitos de imparcialidad frente a la ISO/IEC 17011 , de las funciones Estatutarias y las contenidas en los Reglamentos de Funcionamiento de los Comités Trato discriminatorio e inequitativo con aquellos OEC que no estan en el consejo. Pérdida de objetividad. Afectación a la imágen y credibilidad de ONAC. Afectación al reconocimiento mutuo en los Foros y las coperaciones internacionales de acreditación. | H15: Estratégico | I15: 3 | J15: =VLOOKUP(I15,Listados!$E$1:$F$6,2) -> Posible | K15: 4 | L15: =VLOOKUP(K15,Listados!$E$1:$G$6,3) -> Mayor | M15: =IF(I15<>"",(INDEX(Listados!$B$34:$G$39,MATCH(I15,Listados!$B$34:$B$39,0),MATCH(K15,Listados!$B$34:$G$34,0))),"") -> A | N15: Firma de: código de actuación ética, declara que conoce estatutos y reglamentos de funcionamiento de cada comité, y declaración de primera parte de conocimiento del código de buen gobierno | O15: Preventivo | P15: NO | Q15: =VLOOKUP(P15,[1]Preguntas!$K$4:$L$5,2,0) -> 5 | R15: SI | S15: =VLOOKUP(R15,[1]Preguntas!$K$6:$L$7,2,0) -> 15 | T15: SI | U15: =VLOOKUP(T15,[1]Preguntas!$K$8:$L$9,2,0) -> 10 | V15: Siempre | W15: =VLOOKUP(V15,[1]Preguntas!$N$4:$O$6,2,0) -> 15 | X15: Si; la implementación del control ha evitado la ocurrencia del riesgo por más de UN AÑO | Y15: =VLOOKUP(X15,[1]Preguntas!$R$4:$S$8,2,0) -> 20 | Z15: Si; la implementación del control ha evitado la ocurrencia del riesgo por más de un año | AA15: =VLOOKUP(Z15,[1]Preguntas!$U$5:$V$6,2,0) -> 10 | AB15: Si; cubre parcialmente los efectos del riesgo | AC15: =VLOOKUP(AB15,[1]Preguntas!$X$5:$Y$7,2,0) -> 10 | AD15: =+Q15+S15+U15+W15+Y15+AA15+AC15 -> 85 | AE15: =IF(AND(I15>2,AVERAGE(AD15:AD17)>90),I15-2,IF(AND(I15>2,AVERAGE(AD15:AD17)>75),I15-2,IF(AND(I15>1,AVERAGE(AD15:AD17)>50),I15-1,I15))) -> 2 | AF15: =VLOOKUP(AD15,Listados!$E$1:$F$6,2) -> Casi seguro | AG15: =IF(AND(K15>2,AVERAGE(AD15:AD17)>90),K15-2,IF(AND(K15>1,AVERAGE(AD15:AD17)>75),K15-1,IF(AND(K15>1,AVERAGE(AD15:AD17)>50),K15-1,K15))) -> 3 | AH15: =VLOOKUP(AG15,Listados!$E$1:$G$6,3) -> Moderado | AI15: =IF(AE15<>"",(INDEX(Listados!$B$34:$G$39,MATCH(AE15,Listados!$B$34:$B$39,0),MATCH(AG15,Listados!$B$34:$G$34,0))),"") -> M | AJ15: =VLOOKUP(AI15,Listados!$L$2:$M$5,2,0) -> Reducir | AK15: Herramienta de seguimiento | AL15: En la convocatoria y/o al inicio de cada sesión recordar la posibilidad de declarar impedimentos o recusaciones. Reforzar el control y seguimiento de parte de los presidentes y secretarios del consejo y comitès, con el objeto de evitar discusiones particulares, o posibles decisiones imparciales de parte de los miembros". Dar capacitación a los miembros del consejo y comités sobre los roles y funciones, asi como los reglamentos de imparcialidad. | AM15: Presidente del Comité de Buen Gobierno Secretaria del Comité de Buen Gobierno
N16: Revisión de quejas, peticiones o solicitudes en comité de buen gobierno | O16: Correctivo | P16: NO | Q16: =VLOOKUP(P16,[1]Preguntas!$K$4:$L$5,2,0) -> 5 | R16: SI | S16: =VLOOKUP(R16,[1]Preguntas!$K$6:$L$7,2,0) -> 15 | T16: SI | U16: =VLOOKUP(T16,[1]Preguntas!$K$8:$L$9,2,0) -> 10 | V16: Siempre | W16: =VLOOKUP(V16,[1]Preguntas!$N$4:$O$6,2,0) -> 15 | X16: Si; la implementación del control ha evitado la ocurrencia del riesgo por más de UN AÑO | Y16: =VLOOKUP(X16,[1]Preguntas!$R$4:$S$8,2,0) -> 20 | Z16: Si; la implementación del control ha evitado la ocurrencia del riesgo por más de un año | AA16: =VLOOKUP(Z16,[1]Preguntas!$U$5:$V$6,2,0) -> 10 | AB16: Si; cubre parcialmente los efectos del riesgo | AC16: =VLOOKUP(AB16,[1]Preguntas!$X$5:$Y$7,2,0) -> 10 | AD16: =+Q16+S16+U16+W16+Y16+AA16+AC16 -> 85
N17: Desde la presidencia de cada comité o consejo directivo se monitoree la inclusión de discusiones que pretendan solucionar aspectos específicos e individuales. | O17: Detectivo | P17: NO | Q17: =VLOOKUP(P17,[1]Preguntas!$K$4:$L$5,2,0) -> 5 | R17: NO | S17: =VLOOKUP(R17,[1]Preguntas!$K$6:$L$7,2,0) -> 0 | T17: SI | U17: =VLOOKUP(T17,[1]Preguntas!$K$8:$L$9,2,0) -> 10 | V17: La mayoría de las veces | W17: =VLOOKUP(V17,[1]Preguntas!$N$4:$O$6,2,0) -> 10 | X17: Si; la implementación del control ha evitado la ocurrencia del riesgo por más de UN AÑO | Y17: =VLOOKUP(X17,[1]Preguntas!$R$4:$S$8,2,0) -> 20 | Z17: Si; la implementación del control ha evitado la ocurrencia del riesgo por más de un año | AA17: =VLOOKUP(Z17,[1]Preguntas!$U$5:$V$6,2,0) -> 10 | AB17: No | AC17: =VLOOKUP(AB17,[1]Preguntas!$X$5:$Y$7,2,0) -> 0 | AD17: =+Q17+S17+U17+W17+Y17+AA17+AC17 -> 55
A18: Miembros del Consejo Directivo, Comités y Comisiones del Consejo Directivo | B18: Acceso y conocimiento de información privilegiada | C18: Uso de información en beneficio de intereses propios. | D18: La naturaleza de la composición del Consejo Directivo, al pertenecer los miembros a intereses directos e indirectos respecto al interés que se tiene en la acreditación. Falta de entendimiento de la gestión de imparcialidad de ONAC. No solicitar aclaración a dudas sobre la aplicación de la gestión de la imparcialidd. | E18: Mercado | F18: Estratégico | G18: Toma de decisiones estrarégicas y/u operativas que benefician un interés particular sobre el general. Afectación a la imágen y credibilidad de ONAC. Afectación al reconocimiento mutuo en los Foros y las coperaciones internacionales de acreditación. | H18: Estratégico | I18: 3 | J18: =VLOOKUP(I18,Listados!$E$1:$F$6,2) -> Posible | K18: 4 | L18: =VLOOKUP(K18,Listados!$E$1:$G$6,3) -> Mayor | M18: =IF(I18<>"",(INDEX(Listados!$B$34:$G$39,MATCH(I18,Listados!$B$34:$B$39,0),MATCH(K18,Listados!$B$34:$G$34,0))),"") -> A | N18: Firma de: código de actuación ética, declara que conoce estatutos y reglamentos de funcionamiento de cada comité, y declaración de primera parte de conocimiento del código de buen gobierno | O18: Preventivo | P18: NO | Q18: =VLOOKUP(P18,[1]Preguntas!$K$4:$L$5,2,0) -> 5 | R18: SI | S18: =VLOOKUP(R18,[1]Preguntas!$K$6:$L$7,2,0) -> 15 | T18: SI | U18: =VLOOKUP(T18,[1]Preguntas!$K$8:$L$9,2,0) -> 10 | V18: Siempre | W18: =VLOOKUP(V18,[1]Preguntas!$N$4:$O$6,2,0) -> 15 | X18: Si; la implementación del control ha evitado la ocurrencia del riesgo por más de UN AÑO | Y18: =VLOOKUP(X18,[1]Preguntas!$R$4:$S$8,2,0) -> 20 | Z18: Si; la implementación del control ha evitado la ocurrencia del riesgo por más de un año | AA18: =VLOOKUP(Z18,[1]Preguntas!$U$5:$V$6,2,0) -> 10 | AB18: Si; cubre parcialmente los efectos del riesgo | AC18: =VLOOKUP(AB18,[1]Preguntas!$X$5:$Y$7,2,0) -> 10 | AD18: =+Q18+S18+U18+W18+Y18+AA18+AC18 -> 85 | AE18: =IF(AND(I18>2,AVERAGE(AD18:AD20)>90),I18-2,IF(AND(I18>2,AVERAGE(AD18:AD20)>75),I18-2,IF(AND(I18>1,AVERAGE(AD18:AD20)>50),I18-1,I18))) -> 2 | AF18: =VLOOKUP(AD18,Listados!$E$1:$F$6,2) -> Casi seguro | AG18: =IF(AND(K18>2,AVERAGE(AD18:AD20)>90),K18-2,IF(AND(K18>1,AVERAGE(AD18:AD20)>75),K18-1,IF(AND(K18>1,AVERAGE(AD18:AD20)>50),K18-1,K18))) -> 3 | AH18: =VLOOKUP(AG18,Listados!$E$1:$G$6,3) -> Moderado | AI18: =IF(AE18<>"",(INDEX(Listados!$B$34:$G$39,MATCH(AE18,Listados!$B$34:$B$39,0),MATCH(AG18,Listados!$B$34:$G$34,0))),"") -> M | AJ18: =VLOOKUP(AI18,Listados!$L$2:$M$5,2,0) -> Reducir | AK18: Quejas, reclamos, peticiones | AL18: Dar capacitación a los miembros del consejo y comités en gestión de la imparcialdiad y documentos asociados. | AM18: Presidente del Comité de Buen Gobierno Secretaria del Comité de Buen Gobierno
N19: Revisión de quejas, peticiones o solicitudes en comité de buen gobierno | O19: Correctivo | P19: NO | Q19: =VLOOKUP(P19,[1]Preguntas!$K$4:$L$5,2,0) -> 5 | R19: SI | S19: =VLOOKUP(R19,[1]Preguntas!$K$6:$L$7,2,0) -> 15 | T19: SI | U19: =VLOOKUP(T19,[1]Preguntas!$K$8:$L$9,2,0) -> 10 | V19: Siempre | W19: =VLOOKUP(V19,[1]Preguntas!$N$4:$O$6,2,0) -> 15 | X19: Si; la implementación del control ha evitado la ocurrencia del riesgo por más de UN AÑO | Y19: =VLOOKUP(X19,[1]Preguntas!$R$4:$S$8,2,0) -> 20 | Z19: Si; la implementación del control ha evitado la ocurrencia del riesgo por más de un año | AA19: =VLOOKUP(Z19,[1]Preguntas!$U$5:$V$6,2,0) -> 10 | AB19: Si; cubre parcialmente los efectos del riesgo | AC19: =VLOOKUP(AB19,[1]Preguntas!$X$5:$Y$7,2,0) -> 10 | AD19: =+Q19+S19+U19+W19+Y19+AA19+AC19 -> 85
N20: Desde la presidencia de cada comité o consejo directivo se monitoree la inclusión de discusiones que pretendan solucionar aspectos específicos e individuales. | O20: Detectivo | P20: NO | Q20: =VLOOKUP(P20,[1]Preguntas!$K$4:$L$5,2,0) -> 5 | R20: NO | S20: =VLOOKUP(R20,[1]Preguntas!$K$6:$L$7,2,0) -> 0 | T20: SI | U20: =VLOOKUP(T20,[1]Preguntas!$K$8:$L$9,2,0) -> 10 | V20: La mayoría de las veces | W20: =VLOOKUP(V20,[1]Preguntas!$N$4:$O$6,2,0) -> 10 | X20: Si; la implementación del control ha evitado la ocurrencia del riesgo por más de UN AÑO | Y20: =VLOOKUP(X20,[1]Preguntas!$R$4:$S$8,2,0) -> 20 | Z20: Si; la implementación del control ha evitado la ocurrencia del riesgo por más de un año | AA20: =VLOOKUP(Z20,[1]Preguntas!$U$5:$V$6,2,0) -> 10 | AB20: No | AC20: =VLOOKUP(AB20,[1]Preguntas!$X$5:$Y$7,2,0) -> 0 | AD20: =+Q20+S20+U20+W20+Y20+AA20+AC20 -> 55
A21: Trabajadores Directos | B21: Desempeño inadecuado de las funciones designadas | C21: Pérdida de objetividad en la ejecución de responsabilidades y tareas asignadas. | D21: Presión comercial y financiera por parte de la dirección de ONAC o de un OEC. Sobreponer concepciones personales sobre los criterios objetivos para la toma de decisiones. Inobservancia de los acuerdos y compromisos de imparcialidad establecidos por ONAC. | E21: Sociales | F21: Cultural | G21: Presión comercial y financiera por parte de la dirección de ONAC o de un OEC. Sobreponer concepciones personales sobre los criterios objetivos para la toma de decisiones. Inobservancia de los acuerdos y compromisos de imparcialidad establecidos por ONAC. | H21: Cumplimiento | I21: 3 | J21: =VLOOKUP(I21,Listados!$E$1:$F$6,2) -> Posible | K21: 4 | L21: =VLOOKUP(K21,Listados!$E$1:$G$6,3) -> Mayor | M21: =IF(I21<>"",(INDEX(Listados!$B$34:$G$39,MATCH(I21,Listados!$B$34:$B$39,0),MATCH(K21,Listados!$B$34:$G$34,0))),"") -> A | N21: Se suscribe acuerdos laborales y contractuales para cumplir con responsabilidades y tareas asignadas según su cargo o rol. | O21: Preventivo | P21: SI | Q21: =VLOOKUP(P21,[1]Preguntas!$K$4:$L$5,2,0) -> 10 | R21: SI | S21: =VLOOKUP(R21,[1]Preguntas!$K$6:$L$7,2,0) -> 15 | T21: SI | U21: =VLOOKUP(T21,[1]Preguntas!$K$8:$L$9,2,0) -> 10 | V21: Siempre | W21: =VLOOKUP(V21,[1]Preguntas!$N$4:$O$6,2,0) -> 15 | X21: Si; la implementación del control ha evitado la ocurrencia del riesgo por más de UN AÑO | Y21: =VLOOKUP(X21,[1]Preguntas!$R$4:$S$8,2,0) -> 20 | Z21: Si; la implementación del control ha evitado la ocurrencia del riesgo por más de un año | AA21: =VLOOKUP(Z21,[1]Preguntas!$U$5:$V$6,2,0) -> 10 | AB21: Si; cubre parcialmente los efectos del riesgo | AC21: =VLOOKUP(AB21,[1]Preguntas!$X$5:$Y$7,2,0) -> 10 | AD21: =+Q21+S21+U21+W21+Y21+AA21+AC21 -> 90 | AE21: =IF(AND(I21>2,AVERAGE(AD21:AD24)>90),I21-2,IF(AND(I21>2,AVERAGE(AD21:AD24)>75),I21-2,IF(AND(I21>1,AVERAGE(AD21:AD24)>50),I21-1,I21))) -> 1 | AF21: =VLOOKUP(AD21,Listados!$E$1:$F$6,2) -> Casi seguro | AG21: =IF(AND(K21>2,AVERAGE(AD21:AD24)>90),K21-2,IF(AND(K21>1,AVERAGE(AD21:AD24)>75),K21-1,IF(AND(K21>1,AVERAGE(AD21:AD24)>50),K21-1,K21))) -> 3 | AH21: =VLOOKUP(AG21,Listados!$E$1:$G$6,3) -> Moderado | AI21: =IF(AE21<>"",(INDEX(Listados!$B$34:$G$39,MATCH(AE21,Listados!$B$34:$B$39,0),MATCH(AG21,Listados!$B$34:$G$34,0))),"") -> M | AJ21: =VLOOKUP(AI21,Listados!$L$2:$M$5,2,0) -> Reducir | AK21: Herramienta de seguimiento | AL21: Sensibilización y capacitación en competencias blandas. Campañas en donde se incentive la manifestación periódica de impedimentos y potenciales conflictos de interés. | AM21: Profesional de Gestión Humana, Director Administrativo y Financiero
N22: Procedimiento de toma de decisión (decisiones concensuadas) | O22: Preventivo | P22: SI | Q22: =VLOOKUP(P22,[1]Preguntas!$K$4:$L$5,2,0) -> 10 | R22: SI | S22: =VLOOKUP(R22,[1]Preguntas!$K$6:$L$7,2,0) -> 15 | T22: SI | U22: =VLOOKUP(T22,[1]Preguntas!$K$8:$L$9,2,0) -> 10 | V22: Siempre | W22: =VLOOKUP(V22,[1]Preguntas!$N$4:$O$6,2,0) -> 15 | X22: Si; la implementación del control ha evitado la ocurrencia del riesgo por más de UN AÑO | Y22: =VLOOKUP(X22,[1]Preguntas!$R$4:$S$8,2,0) -> 20 | Z22: Si; la implementación del control ha evitado la ocurrencia del riesgo por más de un año | AA22: =VLOOKUP(Z22,[1]Preguntas!$U$5:$V$6,2,0) -> 10 | AB22: Si; cubre parcialmente los efectos del riesgo | AC22: =VLOOKUP(AB22,[1]Preguntas!$X$5:$Y$7,2,0) -> 10 | AD22: =+Q22+S22+U22+W22+Y22+AA22+AC22 -> 90
N23: Realización anual de auditorias: internas, de revisoríaa fiscal, revisión por la dirección y realización de evaluaciones pares por parte de las cooperaciones internacionales de acreditación. | O23: Preventivo | P23: SI | Q23: =VLOOKUP(P23,[1]Preguntas!$K$4:$L$5,2,0) -> 10 | R23: SI | S23: =VLOOKUP(R23,[1]Preguntas!$K$6:$L$7,2,0) -> 15 | T23: SI | U23: =VLOOKUP(T23,[1]Preguntas!$K$8:$L$9,2,0) -> 10 | V23: Siempre | W23: =VLOOKUP(V23,[1]Preguntas!$N$4:$O$6,2,0) -> 15 | X23: Si; la implementación del control ha evitado la ocurrencia del riesgo en el ÚLTIMO AÑO | Y23: =VLOOKUP(X23,[1]Preguntas!$R$4:$S$8,2,0) -> 15 | Z23: Si; la implementación del control ha evitado la ocurrencia del riesgo por más de un año | AA23: =VLOOKUP(Z23,[1]Preguntas!$U$5:$V$6,2,0) -> 10 | AB23: Si; cubre parcialmente los efectos del riesgo | AD23: =+Q23+S23+U23+W23+Y23+AA23+AC23 -> 75
N24: Las decisiones propias de la administraciòn de ONAC se encuentran regladas. | O24: Preventivo | P24: SI | Q24: =VLOOKUP(P24,[1]Preguntas!$K$4:$L$5,2,0) -> 10 | R24: SI | S24: =VLOOKUP(R24,[1]Preguntas!$K$6:$L$7,2,0) -> 15 | T24: SI | U24: =VLOOKUP(T24,[1]Preguntas!$K$8:$L$9,2,0) -> 10 | V24: Siempre | W24: =VLOOKUP(V24,[1]Preguntas!$N$4:$O$6,2,0) -> 15 | X24: Si; la implementación del control ha evitado la ocurrencia del riesgo por más de UN AÑO | Y24: =VLOOKUP(X24,[1]Preguntas!$R$4:$S$8,2,0) -> 20 | Z24: Si; la implementación del control ha evitado la ocurrencia del riesgo por más de un año | AA24: =VLOOKUP(Z24,[1]Preguntas!$U$5:$V$6,2,0) -> 10 | AB24: Si; cubre parcialmente los efectos del riesgo | AC24: =VLOOKUP(AB24,[1]Preguntas!$X$5:$Y$7,2,0) -> 10 | AD24: =+Q24+S24+U24+W24+Y24+AA24+AC24 -> 90
A25: Profesionales Técnicos | B25: Desempeño inadecuado de las funciones designadas | C25: Que el concepto sobre los resultados de evaluación, no sean objetivos o no obedezcan a los elementos de juicio obtenidos en el ejercicio. | D25: Permitir influencias por factores externos a la evaluación, que afecten su buen juicio. Que los profesionales técnicos actúen como evaluador o ECAA sin que se encuentre el registro de su calificación. Debilidad en las competencias comportamentales y/o habilidades blandas de los profesionales técnicos. | E25: Sociales | F25: Competencias | G25: Incumplimiento de requisitos de imparcialidad frente a la ISO/IEC 17011 . Participar en las decisiones con criterios errados. Reprocesos Quejas, apelaciones o reclamaciones de carácter administrativo o judicial. Posibles erogaciones económicas. Mala imagen en la actividad de acreditación. Inducir en el error a los participantes del proceso. Afectación al reconocimiento mutuo en los Foros y las coperaciones internacionales de acreditación. | H25: Operativo | I25: 3 | J25: =VLOOKUP(I25,Listados!$E$1:$F$6,2) -> Posible | K25: 5 | L25: =VLOOKUP(K25,Listados!$E$1:$G$6,3) -> Catastrófico | M25: =IF(I25<>"",(INDEX(Listados!$B$34:$G$39,MATCH(I25,Listados!$B$34:$B$39,0),MATCH(K25,Listados!$B$34:$G$34,0))),"") -> E | N25: Garantizar que los profesionales tècnicos, tengan las òrdenes de servicio y manifestación de conflicto de interés suscritas y código de actuación ética. | O25: Preventivo | P25: SI | Q25: =VLOOKUP(P25,[1]Preguntas!$K$4:$L$5,2,0) -> 10 | R25: SI | S25: =VLOOKUP(R25,[1]Preguntas!$K$6:$L$7,2,0) -> 15 | T25: SI | U25: =VLOOKUP(T25,[1]Preguntas!$K$8:$L$9,2,0) -> 10 | V25: Siempre | W25: =VLOOKUP(V25,[1]Preguntas!$N$4:$O$6,2,0) -> 15 | X25: Si; la implementación del control ha evitado la ocurrencia del riesgo en el ÚLTIMO AÑO | Y25: =VLOOKUP(X25,[1]Preguntas!$R$4:$S$8,2,0) -> 15 | Z25: Si; la implementación del control ha evitado la ocurrencia del riesgo por más de un año | AA25: =VLOOKUP(Z25,[1]Preguntas!$U$5:$V$6,2,0) -> 10 | AB25: Si; cubre parcialmente los efectos del riesgo | AC25: =VLOOKUP(AB25,[1]Preguntas!$X$5:$Y$7,2,0) -> 10 | AD25: =+Q25+S25+U25+W25+Y25+AA25+AC25 -> 85 | AE25: =IF(AND(I25>2,AVERAGE(AD25:AD29)>90),I25-2,IF(AND(I25>2,AVERAGE(AD25:AD29)>75),I25-2,IF(AND(I25>1,AVERAGE(AD25:AD29)>50),I25-1,I25))) -> 1 | AF25: =VLOOKUP(AD25,Listados!$E$1:$F$6,2) -> Casi seguro | AG25: =IF(AND(K25>2,AVERAGE(AD25:AD29)>90),K25-2,IF(AND(K25>1,AVERAGE(AD25:AD29)>75),K25-1,IF(AND(K25>1,AVERAGE(AD25:AD29)>50),K25-1,K25))) -> 3 | AH25: =VLOOKUP(AG25,Listados!$E$1:$G$6,3) -> Moderado | AI25: =IF(AE25<>"",(INDEX(Listados!$B$34:$G$39,MATCH(AE25,Listados!$B$34:$B$39,0),MATCH(AG25,Listados!$B$34:$G$34,0))),"") -> M | AJ25: =VLOOKUP(AI25,Listados!$L$2:$M$5,2,0) -> Reducir | AK25: Quejas, reclamos, peticiones | AL25: Proyecto modelo de gestión de competencias: Fomentar actividades para potencializar las competencias comportamentales y habilidades blandas | AM25: Comitè de Gestiòn de Competencias.
N26: Seguimiento al desempeño | O26: Detectivo | P26: SI | Q26: =VLOOKUP(P26,[1]Preguntas!$K$4:$L$5,2,0) -> 10 | R26: SI | S26: =VLOOKUP(R26,[1]Preguntas!$K$6:$L$7,2,0) -> 15 | T26: SI | U26: =VLOOKUP(T26,[1]Preguntas!$K$8:$L$9,2,0) -> 10 | V26: Siempre | W26: =VLOOKUP(V26,[1]Preguntas!$N$4:$O$6,2,0) -> 15 | X26: Si; la implementación del control ha evitado la ocurrencia del riesgo en el ÚLTIMO AÑO | Y26: =VLOOKUP(X26,[1]Preguntas!$R$4:$S$8,2,0) -> 15 | Z26: Si; la implementación del control ha evitado la ocurrencia del riesgo por más de un año | AA26: =VLOOKUP(Z26,[1]Preguntas!$U$5:$V$6,2,0) -> 10 | AB26: Si; cubre todos los efectos del riesgo | AC26: =VLOOKUP(AB26,[1]Preguntas!$X$5:$Y$7,2,0) -> 20 | AD26: =+Q26+S26+U26+W26+Y26+AA26+AC26 -> 95
N27: Monitoreo a las quejas relacionadas. | O27: Detectivo | P27: SI | Q27: =VLOOKUP(P27,[1]Preguntas!$K$4:$L$5,2,0) -> 10 | R27: SI | S27: =VLOOKUP(R27,[1]Preguntas!$K$6:$L$7,2,0) -> 15 | T27: SI | U27: =VLOOKUP(T27,[1]Preguntas!$K$8:$L$9,2,0) -> 10 | V27: Siempre | W27: =VLOOKUP(V27,[1]Preguntas!$N$4:$O$6,2,0) -> 15 | X27: Si; la implementación del control ha evitado la ocurrencia del riesgo por más de UN AÑO | Y27: =VLOOKUP(X27,[1]Preguntas!$R$4:$S$8,2,0) -> 20 | Z27: Si; la implementación del control ha evitado la ocurrencia del riesgo por más de un año | AA27: =VLOOKUP(Z27,[1]Preguntas!$U$5:$V$6,2,0) -> 10 | AB27: Si; cubre todos los efectos del riesgo | AC27: =VLOOKUP(AB27,[1]Preguntas!$X$5:$Y$7,2,0) -> 20 | AD27: =+Q27+S27+U27+W27+Y27+AA27+AC27 -> 100
N28: Procedimiento de atracción del talento de profesionales técnicos. | O28: Preventivo | P28: SI | Q28: =VLOOKUP(P28,[1]Preguntas!$K$4:$L$5,2,0) -> 10 | R28: SI | S28: =VLOOKUP(R28,[1]Preguntas!$K$6:$L$7,2,0) -> 15 | T28: SI | U28: =VLOOKUP(T28,[1]Preguntas!$K$8:$L$9,2,0) -> 10 | V28: Siempre | W28: =VLOOKUP(V28,[1]Preguntas!$N$4:$O$6,2,0) -> 15 | X28: Si; la implementación del control ha evitado la ocurrencia del riesgo por más de UN AÑO | Y28: =VLOOKUP(X28,[1]Preguntas!$R$4:$S$8,2,0) -> 20 | Z28: Si; la implementación del control ha evitado la ocurrencia del riesgo por más de un año | AA28: =VLOOKUP(Z28,[1]Preguntas!$U$5:$V$6,2,0) -> 10 | AB28: Si; cubre todos los efectos del riesgo | AC28: =VLOOKUP(AB28,[1]Preguntas!$X$5:$Y$7,2,0) -> 20 | AD28: =+Q28+S28+U28+W28+Y28+AA28+AC28 -> 100
N29: La asignación de profesionales tècnicos se realiza desde el directorio, en donde aparecen los conflictos de interés relacionados con cada uno. | O29: Preventivo | P29: SI | Q29: =VLOOKUP(P29,[1]Preguntas!$K$4:$L$5,2,0) -> 10 | R29: SI | S29: =VLOOKUP(R29,[1]Preguntas!$K$6:$L$7,2,0) -> 15 | T29: SI | U29: =VLOOKUP(T29,[1]Preguntas!$K$8:$L$9,2,0) -> 10 | V29: Siempre | W29: =VLOOKUP(V29,[1]Preguntas!$N$4:$O$6,2,0) -> 15 | X29: Si; la implementación del control ha evitado la ocurrencia del riesgo por más de UN AÑO | Y29: =VLOOKUP(X29,[1]Preguntas!$R$4:$S$8,2,0) -> 20 | Z29: Si; la implementación del control ha evitado la ocurrencia del riesgo por más de un año | AA29: =VLOOKUP(Z29,[1]Preguntas!$U$5:$V$6,2,0) -> 10 | AB29: Si; cubre todos los efectos del riesgo | AC29: =VLOOKUP(AB29,[1]Preguntas!$X$5:$Y$7,2,0) -> 20 | AD29: =+Q29+S29+U29+W29+Y29+AA29+AC29 -> 100
A30: Profesionales Técnicos | B30: Vinculación en actividades de consultoría, capacitación o auditorías internas en OEC's u organizaciones relacionadas con éstos. | C30: Participar en procesos de evaluación o toma de decisión sin declarar un posible conflicto de interés. | D30: Desarrollar su labor de manera independiente y autónoma, sin exclusividad a la actividad de ONAC. Desconocimiento u omisión de declaración de potenciales situaciones que puedan configurar un conflicto de interés. Falta de actualización periódica de las actividades realizadas como independiente. | E30: Mercado | F30: cultural | G30: Incurrir en conflictos de Interès. Reprocesos. Posibles erogaciones económicas, por repeticiòn del ejercicio de evaluación. Quejas, apelaciones o reclamaciones de carácter administrativo o judicial. Afectación a la imágen y credibilidad de ONAC. Afectación al reconocimiento mutuo en los Foros y las coperaciones internacionales de acreditación. | H30: Estratégico | I30: 3 | J30: =VLOOKUP(I30,Listados!$E$1:$F$6,2) -> Posible | K30: 5 | L30: =VLOOKUP(K30,Listados!$E$1:$G$6,3) -> Catastrófico | M30: =IF(I30<>"",(INDEX(Listados!$B$34:$G$39,MATCH(I30,Listados!$B$34:$B$39,0),MATCH(K30,Listados!$B$34:$G$34,0))),"") -> E | N30: Declaración de conflictos de interés en cada programación de servicio. | O30: Preventivo | P30: SI | Q30: =VLOOKUP(P30,[1]Preguntas!$K$4:$L$5,2,0) -> 10 | R30: SI | S30: =VLOOKUP(R30,[1]Preguntas!$K$6:$L$7,2,0) -> 15 | T30: SI | U30: =VLOOKUP(T30,[1]Preguntas!$K$8:$L$9,2,0) -> 10 | V30: Siempre | W30: =VLOOKUP(V30,[1]Preguntas!$N$4:$O$6,2,0) -> 15 | X30: Si; el riesgo aún ocurre con frecuencia, aunque en menor medida a que si no existiera el control | Y30: =VLOOKUP(X30,[1]Preguntas!$R$4:$S$8,2,0) -> 5 | Z30: Si; la implementación del control ha evitado la ocurrencia del riesgo por más de un año | AA30: =VLOOKUP(Z30,[1]Preguntas!$U$5:$V$6,2,0) -> 10 | AB30: Si; cubre todos los efectos del riesgo | AC30: =VLOOKUP(AB30,[1]Preguntas!$X$5:$Y$7,2,0) -> 20 | AD30: =+Q30+S30+U30+W30+Y30+AA30+AC30 -> 85 | AE30: =IF(AND(I30>2,AVERAGE(AD30:AD32)>90),I30-2,IF(AND(I30>2,AVERAGE(AD30:AD32)>75),I30-2,IF(AND(I30>1,AVERAGE(AD30:AD32)>50),I30-1,I30))) -> 1 | AF30: =VLOOKUP(AD30,Listados!$E$1:$F$6,2) -> Casi seguro | AG30: =IF(AND(K30>2,AVERAGE(AD30:AD32)>90),K30-2,IF(AND(K30>1,AVERAGE(AD30:AD32)>75),K30-1,IF(AND(K30>1,AVERAGE(AD30:AD32)>50),K30-1,K30))) -> 3 | AH30: =VLOOKUP(AG30,Listados!$E$1:$G$6,3) -> Moderado | AI30: =IF(AE30<>"",(INDEX(Listados!$B$34:$G$39,MATCH(AE30,Listados!$B$34:$B$39,0),MATCH(AG30,Listados!$B$34:$G$34,0))),"") -> M | AJ30: =VLOOKUP(AI30,Listados!$L$2:$M$5,2,0) -> Reducir | AK30: Herramienta de seguimiento | AL30: Socialización de la matriz de gestiòn de imparcialidad y del contenido del Còdiigo de Etica, Asi como algunos casos tratados en Comité (conservando confidencialidad). Activar el lineamiento de gestiòn de imparcialidad. | AM30: Secretaria Comitè de Buen Gobierno. Directores Tècnicos.
N31: Procedimiento de objeciones al equipo evaluador. | O31: Preventivo | P31: SI | Q31: =VLOOKUP(P31,[1]Preguntas!$K$4:$L$5,2,0) -> 10 | R31: SI | S31: =VLOOKUP(R31,[1]Preguntas!$K$6:$L$7,2,0) -> 15 | T31: SI | U31: =VLOOKUP(T31,[1]Preguntas!$K$8:$L$9,2,0) -> 10 | V31: Siempre | W31: =VLOOKUP(V31,[1]Preguntas!$N$4:$O$6,2,0) -> 15 | X31: Si; la implementación del control ha evitado la ocurrencia del riesgo por más de UN AÑO | Y31: =VLOOKUP(X31,[1]Preguntas!$R$4:$S$8,2,0) -> 20 | Z31: Si; la implementación del control ha evitado la ocurrencia del riesgo por más de un año | AA31: =VLOOKUP(Z31,[1]Preguntas!$U$5:$V$6,2,0) -> 10 | AB31: Si; cubre todos los efectos del riesgo | AC31: =VLOOKUP(AB31,[1]Preguntas!$X$5:$Y$7,2,0) -> 20 | AD31: =+Q31+S31+U31+W31+Y31+AA31+AC31 -> 100
N32: Suscripción del Código de Ética | O32: Preventivo | P32: SI | Q32: =VLOOKUP(P32,[1]Preguntas!$K$4:$L$5,2,0) -> 10 | R32: SI | S32: =VLOOKUP(R32,[1]Preguntas!$K$6:$L$7,2,0) -> 15 | T32: SI | U32: =VLOOKUP(T32,[1]Preguntas!$K$8:$L$9,2,0) -> 10 | V32: Siempre | W32: =VLOOKUP(V32,[1]Preguntas!$N$4:$O$6,2,0) -> 15 | X32: Si; la implementación del control ha evitado la ocurrencia del riesgo por más de UN AÑO | Y32: =VLOOKUP(X32,[1]Preguntas!$R$4:$S$8,2,0) -> 20 | Z32: Si; la implementación del control ha evitado la ocurrencia del riesgo por más de un año | AA32: =VLOOKUP(Z32,[1]Preguntas!$U$5:$V$6,2,0) -> 10 | AB32: Si; cubre parcialmente los efectos del riesgo | AC32: =VLOOKUP(AB32,[1]Preguntas!$X$5:$Y$7,2,0) -> 10 | AD32: =+Q32+S32+U32+W32+Y32+AA32+AC32 -> 90
A33: Profesionales Técnicos | B33: Asignación en procesos de evaluación | C33: Pérdida de objetividad en los procesos de evaluación. | D33: Crear lazos de familiaridad y confianza con el OEC por la frecuencia con la que se hacen los ejercicios de evaluación. Asignación de un profesional técnico de manera repetida en evaluaciones de un OEC. Influencia en la objetiva la evaluación atendiendo a la calidad del OEC (Renombre, posición en mercado, poder económico) | E33: Mercado | F33: Competencias | G33: Incumplimiento de requisitos de imparcialidad frente a la ISO/IEC 17011 Reprocesos Duda frente a la objetividad de los resultados de evaluación. Afectación a la imágen y credibilidad de ONAC. Afectación al reconocimiento mutuo en los Foros y las coperaciones internacionales de acreditación. | H33: Operativo | I33: 3 | J33: =VLOOKUP(I33,Listados!$E$1:$F$6,2) -> Posible | K33: 5 | L33: =VLOOKUP(K33,Listados!$E$1:$G$6,3) -> Catastrófico | M33: =IF(I33<>"",(INDEX(Listados!$B$34:$G$39,MATCH(I33,Listados!$B$34:$B$39,0),MATCH(K33,Listados!$B$34:$G$34,0))),"") -> E | N33: Consulta previa a Comité de Buen Gobierno sobre casos específicos. | O33: Preventivo | P33: NO | Q33: =VLOOKUP(P33,Preguntas!$K$4:$L$5,2,0) -> 5 | R33: NO | S33: =VLOOKUP(R33,Preguntas!$K$6:$L$7,2,0) -> 0 | T33: NO | U33: =VLOOKUP(T33,Preguntas!$K$8:$L$9,2,0) -> 0 | V33: Algunas veces (muestra) | W33: =VLOOKUP(V33,Preguntas!$N$4:$O$6,2,0) -> 5 | X33: Si; el riesgo aún ocurre con frecuencia, aunque en menor medida a que si no existiera el control | Y33: =VLOOKUP(X33,Preguntas!$R$4:$S$8,2,0) -> 5 | Z33: No; nunca ha sido efectivo | AA33: =VLOOKUP(Z33,Preguntas!$U$5:$V$6,2,0) -> 0 | AB33: Si; cubre parcialmente los efectos del riesgo | AC33: =VLOOKUP(AB33,Preguntas!$X$5:$Y$7,2,0) -> 10 | AD33: =+Q33+S33+U33+W33+Y33+AA33+AC33 -> 25 | AE33: =IF(AND(I33>2,AVERAGE(AD33:AD33)>90),I33-2,IF(AND(I33>2,AVERAGE(AD33:AD33)>75),I33-2,IF(AND(I33>1,AVERAGE(AD33:AD33)>50),I33-1,I33))) -> 3 | AF33: =VLOOKUP(AD33,Listados!$E$1:$F$6,2) -> Casi seguro | AG33: =IF(AND(K33>2,AVERAGE(AD33:AD33)>90),K33-2,IF(AND(K33>1,AVERAGE(AD33:AD33)>75),K33-1,IF(AND(K33>1,AVERAGE(AD33:AD33)>50),K33-1,K33))) -> 5 | AH33: =VLOOKUP(AG33,Listados!$E$1:$G$6,3) -> Catastrófico | AI33: =IF(AE33<>"",(INDEX(Listados!$B$34:$G$39,MATCH(AE33,Listados!$B$34:$B$39,0),MATCH(AG33,Listados!$B$34:$G$34,0))),"") -> E | AJ33: =VLOOKUP(AI33,Listados!$L$2:$M$5,2,0) -> Reducir, Evitar, Compartir o Trasferir | AK33: Auditorías | AL33: Incrementar la base de datos de profesionales tècnicos. Procurar no programar el mismo profesional técnico para dos ejercicios consecutivos de evaluciòn al mismo OEC. De ser necesario, hacer una acompañamiento especial de ejercicio de evaluaciòn por parte de la Cordinaciòn Sectorial, desde la revisiòn de informe preliminar para monitorear eventuales comportamientod de familiaridad de equipos de evaluación en OEC´s. | AM33: Direcciones Técnicas Coordinaciones Sectoriales Coordinación de Competencias
A34: Comités de Acreditación y Comité de Apelación | B34: Participación en procesos de decisión | C34: Presiones a los profesionales técnicos que participan en los comités para lograr una decisión determinada. | D34: Fallas en los procedimientos de designación. Presión comercial y financiera. Debilidad en los procesos de determinación de competencias, calificación y autorización como Evaluador del Comité de Acreditación y Apelación. | E34: Fallas en los procedimientos de designación. Presión comercial y financiera. Debilidad en los procesos de determinación de competencias, calificación y autorización como Evaluador del Comité de Acreditación y Apelación. | F34: Legal | G34: Competencias | H34: Incumplimiento de requisitos de imparcialidad, Toma de decisiones subjetivas que afectan la actividad de acreditación. Afectación a la imagen y credibilidad de ONAC. Afectación al reconocimiento mutuo en los Foros y las coperaciones internacionales de acreditación. | I34: 3 | J34: =VLOOKUP(I34,Listados!$E$1:$F$6,2) -> Posible | K34: 4 | L34: =VLOOKUP(K34,Listados!$E$1:$G$6,3) -> Mayor | M34: =IF(I34<>"",(INDEX(Listados!$B$34:$G$39,MATCH(I34,Listados!$B$34:$B$39,0),MATCH(K34,Listados!$B$34:$G$34,0))),"") -> A | N34: Suscriben órdenes de prestación de servicios profesionales como expertos para decidir sobre acreditaciones de los OEC. ▪ En esta modalidad de contratación se incluye la obligación para los contratistas de guardar la confidencialidad de la información que reciba en ejercicio de la actividad contratada y el deber de imparcialidad en todas sus actuaciones. | O34: Preventivo | P34: SI | Q34: =VLOOKUP(P34,[1]Preguntas!$K$4:$L$5,2,0) -> 10 | R34: SI | S34: =VLOOKUP(R34,[1]Preguntas!$K$6:$L$7,2,0) -> 15 | T34: SI | U34: =VLOOKUP(T34,[1]Preguntas!$K$8:$L$9,2,0) -> 10 | V34: Siempre | W34: =VLOOKUP(V34,[1]Preguntas!$N$4:$O$6,2,0) -> 15 | X34: Si; la implementación del control ha evitado la ocurrencia del riesgo por más de UN AÑO | Y34: =VLOOKUP(X34,[1]Preguntas!$R$4:$S$8,2,0) -> 20 | Z34: Si; la implementación del control ha evitado la ocurrencia del riesgo por más de un año | AA34: =VLOOKUP(Z34,[1]Preguntas!$U$5:$V$6,2,0) -> 10 | AB34: Si; cubre parcialmente los efectos del riesgo | AC34: =VLOOKUP(AB34,Preguntas!$X$5:$Y$7,2,0) -> 10 | AD34: =+Q34+S34+U34+W34+Y34+AA34+AC34 -> 90 | AE34: =IF(AND(I34>2,AVERAGE(AD34:AD36)>90),I34-2,IF(AND(I34>2,AVERAGE(AD34:AD36)>75),I34-2,IF(AND(I34>1,AVERAGE(AD34:AD36)>50),I34-1,I34))) -> 1 | AF34: =VLOOKUP(AD34,Listados!$E$1:$F$6,2) -> Casi seguro | AG34: =IF(AND(K34>2,AVERAGE(AD34:AD36)>90),K34-2,IF(AND(K34>1,AVERAGE(AD34:AD36)>75),K34-1,IF(AND(K34>1,AVERAGE(AD34:AD36)>50),K34-1,K34))) -> 2 | AH34: =VLOOKUP(AG34,Listados!$E$1:$G$6,3) -> Menor | AI34: =IF(AE34<>"",(INDEX(Listados!$B$34:$G$39,MATCH(AE34,Listados!$B$34:$B$39,0),MATCH(AG34,Listados!$B$34:$G$34,0))),"") -> B | AJ34: =VLOOKUP(AI34,Listados!$L$2:$M$5,2,0) -> Asumir | AK34: Quejas, reclamos, peticiones | AL34: Socialización de la matriz de gestiòn de imparcialidad y del contenido del Còdiigo de Etica, Asi como algunos casos tratados en Comité (conservando confidencialidad). Activar el lineamiento de gestiòn de imparcialidad. | AM34: Secretaria Comitè de Buen Gobierno. Directores Tècnicos.
N35: Se suscriben acuerdos de confidencialidad sobre la información entregada y están obligados a cumplir con lo establecido en los estatutos, el Código de Buen Gobierno y el Código de Ética.▪ Los organismos relacionados que integran los Comités de Acreditación y de Apelaciones no pueden prestar servicios de asesoría o consultoría a OEC. | O35: Preventivo | P35: SI | Q35: =VLOOKUP(P35,[1]Preguntas!$K$4:$L$5,2,0) -> 10 | R35: SI | S35: =VLOOKUP(R35,[1]Preguntas!$K$6:$L$7,2,0) -> 15 | T35: SI | U35: =VLOOKUP(T35,[1]Preguntas!$K$8:$L$9,2,0) -> 10 | V35: Siempre | W35: =VLOOKUP(V35,[1]Preguntas!$N$4:$O$6,2,0) -> 15 | X35: Si; la implementación del control ha evitado la ocurrencia del riesgo por más de UN AÑO | Y35: =VLOOKUP(X35,[1]Preguntas!$R$4:$S$8,2,0) -> 20 | Z35: Si; la implementación del control ha evitado la ocurrencia del riesgo por más de un año | AA35: =VLOOKUP(Z35,[1]Preguntas!$U$5:$V$6,2,0) -> 10 | AB35: Si; cubre todos los efectos del riesgo | AC35: =VLOOKUP(AB35,Preguntas!$X$5:$Y$7,2,0) -> 20 | AD35: =+Q35+S35+U35+W35+Y35+AA35+AC35 -> 100
N36: Se realiza una calificaciòn de desempeño, en el marco de la auditoria interna. | O36: Detectivo | P36: SI | Q36: =VLOOKUP(P36,[1]Preguntas!$K$4:$L$5,2,0) -> 10 | R36: SI | S36: =VLOOKUP(R36,[1]Preguntas!$K$6:$L$7,2,0) -> 15 | T36: SI | U36: =VLOOKUP(T36,[1]Preguntas!$K$8:$L$9,2,0) -> 10 | V36: Siempre | W36: =VLOOKUP(V36,[1]Preguntas!$N$4:$O$6,2,0) -> 15 | X36: Si; la implementación del control ha evitado la ocurrencia del riesgo por más de UN AÑO | Y36: =VLOOKUP(X36,[1]Preguntas!$R$4:$S$8,2,0) -> 20 | Z36: Si; la implementación del control ha evitado la ocurrencia del riesgo por más de un año | AA36: =VLOOKUP(Z36,[1]Preguntas!$U$5:$V$6,2,0) -> 10 | AB36: Si; cubre todos los efectos del riesgo | AC36: =VLOOKUP(AB36,Preguntas!$X$5:$Y$7,2,0) -> 20 | AD36: =+Q36+S36+U36+W36+Y36+AA36+AC36 -> 100
A37: Organismos de Evaluación de la Conformidad | B37: Influenciar el proceso de evaluación. | C37: No aplicación del principio de igualdad por parte del personal de ONAC. en la ejecución de los procedimientos de evaluación contratados. | D37: Presiones financieras o comerciales. Cercanía o familiaridad del colaborador de ONAC con el OEC o su personal. | E37: Legal | F37: cultural | G37: Trato preferencial a un OEC. Quejas sobre la prestación del servicio Afectación a la imagen y credibilidad de ONAC. Posibilidad de demandas Reprocesos Afectación al reconocimiento mutuo en los Foros y las coperaciones internacionales de acreditación. | H37: Cumplimiento | I37: 2 | J37: =VLOOKUP(I37,Listados!$E$1:$F$6,2) -> Improbable | K37: 4 | L37: =VLOOKUP(K37,Listados!$E$1:$G$6,3) -> Mayor | M37: =IF(I37<>"",(INDEX(Listados!$B$34:$G$39,MATCH(I37,Listados!$B$34:$B$39,0),MATCH(K37,Listados!$B$34:$G$34,0))),"") -> A | N37: Se suscribe acuerdos laborales y contractuales para cumplir con responsabilidades y tareas asignadas según su cargo o rol. | O37: Preventivo | P37: SI | Q37: =VLOOKUP(P37,[1]Preguntas!$K$4:$L$5,2,0) -> 10 | R37: SI | S37: =VLOOKUP(R37,[1]Preguntas!$K$6:$L$7,2,0) -> 15 | T37: SI | U37: =VLOOKUP(T37,[1]Preguntas!$K$8:$L$9,2,0) -> 10 | V37: Siempre | W37: =VLOOKUP(V37,[1]Preguntas!$N$4:$O$6,2,0) -> 15 | X37: Si; la implementación del control ha evitado la ocurrencia del riesgo por más de UN AÑO | Y37: =VLOOKUP(X37,[1]Preguntas!$R$4:$S$8,2,0) -> 20 | Z37: Si; la implementación del control ha evitado la ocurrencia del riesgo por más de un año | AA37: =VLOOKUP(Z37,[1]Preguntas!$U$5:$V$6,2,0) -> 10 | AB37: Si; cubre parcialmente los efectos del riesgo | AC37: =VLOOKUP(AB37,Preguntas!$X$5:$Y$7,2,0) -> 10 | AD37: =+Q37+S37+U37+W37+Y37+AA37+AC37 -> 90 | AE37: =IF(AND(I37>2,AVERAGE(AD37:AD40)>90),I37-2,IF(AND(I37>2,AVERAGE(AD37:AD40)>75),I37-2,IF(AND(I37>1,AVERAGE(AD37:AD40)>50),I37-1,I37))) -> 1 | AF37: =VLOOKUP(AD37,Listados!$E$1:$F$6,2) -> Casi seguro | AG37: =IF(AND(K37>2,AVERAGE(AD37:AD40)>90),K37-2,IF(AND(K37>1,AVERAGE(AD37:AD40)>75),K37-1,IF(AND(K37>1,AVERAGE(AD37:AD40)>50),K37-1,K37))) -> 3 | AH37: =VLOOKUP(AG37,Listados!$E$1:$G$6,3) -> Moderado | AI37: =IF(AE37<>"",(INDEX(Listados!$B$34:$G$39,MATCH(AE37,Listados!$B$34:$B$39,0),MATCH(AG37,Listados!$B$34:$G$34,0))),"") -> M | AJ37: =VLOOKUP(AI37,Listados!$L$2:$M$5,2,0) -> Reducir | AK37: Quejas, reclamos, peticiones | AL37: Socialización de la matriz de gestiòn de imparcialidad y del contenido del Còdiigo de Etica, Asi como algunos casos tratados en Comité (conservando confidencialidad). Activar el lineamiento de gestiòn de imparcialidad. | AM37: Coordinaciones Sectoriales Secretaria comité de buen gobierno
N38: Procedimiento de toma de decisión (decisiones concensuadas) | O38: Preventivo | P38: SI | Q38: =VLOOKUP(P38,[1]Preguntas!$K$4:$L$5,2,0) -> 10 | R38: SI | S38: =VLOOKUP(R38,[1]Preguntas!$K$6:$L$7,2,0) -> 15 | T38: SI | U38: =VLOOKUP(T38,[1]Preguntas!$K$8:$L$9,2,0) -> 10 | V38: Siempre | W38: =VLOOKUP(V38,[1]Preguntas!$N$4:$O$6,2,0) -> 15 | X38: Si; la implementación del control ha evitado la ocurrencia del riesgo por más de UN AÑO | Y38: =VLOOKUP(X38,[1]Preguntas!$R$4:$S$8,2,0) -> 20 | Z38: Si; la implementación del control ha evitado la ocurrencia del riesgo por más de un año | AA38: =VLOOKUP(Z38,[1]Preguntas!$U$5:$V$6,2,0) -> 10 | AB38: Si; cubre parcialmente los efectos del riesgo
N39: Realización anual de auditorias: internas, de revisoríaa fiscal, revisión por la dirección y realización de evaluaciones pares por parte de las cooperaciones internacionales de acreditación. | O39: Preventivo | P39: SI | Q39: =VLOOKUP(P39,[1]Preguntas!$K$4:$L$5,2,0) -> 10 | R39: SI | S39: =VLOOKUP(R39,[1]Preguntas!$K$6:$L$7,2,0) -> 15 | T39: SI | U39: =VLOOKUP(T39,[1]Preguntas!$K$8:$L$9,2,0) -> 10 | V39: Siempre | W39: =VLOOKUP(V39,[1]Preguntas!$N$4:$O$6,2,0) -> 15 | X39: Si; la implementación del control ha evitado la ocurrencia del riesgo en el ÚLTIMO AÑO | Y39: =VLOOKUP(X39,[1]Preguntas!$R$4:$S$8,2,0) -> 15 | Z39: Si; la implementación del control ha evitado la ocurrencia del riesgo por más de un año | AA39: =VLOOKUP(Z39,[1]Preguntas!$U$5:$V$6,2,0) -> 10 | AB39: Si; cubre parcialmente los efectos del riesgo | AC39: =VLOOKUP(AB39,Preguntas!$X$5:$Y$7,2,0) -> 10 | AD39: =+Q39+S39+U39+W39+Y39+AA39+AC39 -> 85
N40: Las decisiones propias de la administraciòn de ONAC se encuentran regladas. | O40: Preventivo | P40: SI | Q40: =VLOOKUP(P40,[1]Preguntas!$K$4:$L$5,2,0) -> 10 | R40: SI | S40: =VLOOKUP(R40,[1]Preguntas!$K$6:$L$7,2,0) -> 15 | T40: SI | U40: =VLOOKUP(T40,[1]Preguntas!$K$8:$L$9,2,0) -> 10 | V40: Siempre | W40: =VLOOKUP(V40,[1]Preguntas!$N$4:$O$6,2,0) -> 15 | X40: Si; la implementación del control ha evitado la ocurrencia del riesgo por más de UN AÑO | Y40: =VLOOKUP(X40,[1]Preguntas!$R$4:$S$8,2,0) -> 20 | Z40: Si; la implementación del control ha evitado la ocurrencia del riesgo por más de un año | AA40: =VLOOKUP(Z40,[1]Preguntas!$U$5:$V$6,2,0) -> 10 | AB40: Si; cubre parcialmente los efectos del riesgo | AC40: =VLOOKUP(AB40,Preguntas!$X$5:$Y$7,2,0) -> 10 | AD40: =+Q40+S40+U40+W40+Y40+AA40+AC40 -> 90
A41: Autoridades de Control | B41: Gestión solicitudes de entes de control. | C41: No entregar información en condiciones de veracidad, oportunidad y objetividad a las autoridades de control y vigilancia para el ONAC con el propósito de beneficiar un interés particular (Alcaldía Mayor de Bogotá- Contraloria General de la Nación, Superintendencias) | D41: Falta de control en la información Falta de orientación respecto a qué información entregarle a las Autoridades de Control. | E41: Legal | F41: Documentación | G41: Inicio de procedimientos sancionatorio. Posibilidad de demandas Afectación al reconocimiento mutuo en los Foros y las coperaciones internacionales de acreditación. | H41: Operativo | I41: 1 | J41: =VLOOKUP(I41,Listados!$E$1:$F$6,2) -> Raro | K41: 3 | L41: =VLOOKUP(K41,Listados!$E$1:$G$6,3) -> Moderado | M41: =IF(I41<>"",(INDEX(Listados!$B$34:$G$39,MATCH(I41,Listados!$B$34:$B$39,0),MATCH(K41,Listados!$B$34:$G$34,0))),"") -> M | N41: Cronograma de las fechas de cargue de información y su contenido | O41: Preventivo | P41: SI | Q41: =VLOOKUP(P41,[1]Preguntas!$K$4:$L$5,2,0) -> 10 | R41: SI | S41: =VLOOKUP(R41,[1]Preguntas!$K$6:$L$7,2,0) -> 15 | T41: SI | U41: =VLOOKUP(T41,[1]Preguntas!$K$8:$L$9,2,0) -> 10 | V41: Siempre | W41: =VLOOKUP(V41,[1]Preguntas!$N$4:$O$6,2,0) -> 15 | X41: Si; la implementación del control ha evitado la ocurrencia del riesgo por más de UN AÑO | Y41: =VLOOKUP(X41,[1]Preguntas!$R$4:$S$8,2,0) -> 20 | Z41: Si; la implementación del control ha evitado la ocurrencia del riesgo por más de un año | AA41: =VLOOKUP(Z41,[1]Preguntas!$U$5:$V$6,2,0) -> 10 | AB41: Si; cubre todos los efectos del riesgo | AC41: =VLOOKUP(AB41,Preguntas!$X$5:$Y$7,2,0) -> 20 | AD41: =+Q41+S41+U41+W41+Y41+AA41+AC41 -> 100 | AE41: =IF(AND(I41>2,AVERAGE(AD41:AD42)>90),I41-2,IF(AND(I41>2,AVERAGE(AD41:AD42)>75),I41-2,IF(AND(I41>1,AVERAGE(AD41:AD42)>50),I41-1,I41))) -> 1 | AF41: =VLOOKUP(AD41,Listados!$E$1:$F$6,2) -> Casi seguro | AG41: =IF(AND(K41>2,AVERAGE(AD41:AD42)>90),K41-2,IF(AND(K41>1,AVERAGE(AD41:AD42)>75),K41-1,IF(AND(K41>1,AVERAGE(AD41:AD42)>50),K41-1,K41))) -> 1 | AH41: =VLOOKUP(AG41,Listados!$E$1:$G$6,3) -> Insignificante | AI41: =IF(AE41<>"",(INDEX(Listados!$B$34:$G$39,MATCH(AE41,Listados!$B$34:$B$39,0),MATCH(AG41,Listados!$B$34:$G$34,0))),"") -> B | AJ41: =VLOOKUP(AI41,Listados!$L$2:$M$5,2,0) -> Asumir | AK41: Herramienta de seguimiento | AL41: Aplicación de herramientas tecnológicas que contribuyan al seguimiento. Elevar consultas a los organismos de control en caso de tener dudas en los mecanismos de vigilancia. Mantener actualizado el calendario de fechas para la entrega de informaciòn y que el mismo sea socializado en las áreas involucradas. | AM41: Dirección Administrativa y Financiera
N42: Monitoreo de los cambios en las obligaciones | O42: Preventivo | P42: SI | Q42: =VLOOKUP(P42,[1]Preguntas!$K$4:$L$5,2,0) -> 10 | R42: SI | S42: =VLOOKUP(R42,[1]Preguntas!$K$6:$L$7,2,0) -> 15 | T42: SI | U42: =VLOOKUP(T42,[1]Preguntas!$K$8:$L$9,2,0) -> 10 | V42: Siempre | W42: =VLOOKUP(V42,[1]Preguntas!$N$4:$O$6,2,0) -> 15 | X42: Si; la implementación del control ha evitado la ocurrencia del riesgo por más de UN AÑO | Y42: =VLOOKUP(X42,[1]Preguntas!$R$4:$S$8,2,0) -> 20 | Z42: Si; la implementación del control ha evitado la ocurrencia del riesgo por más de un año | AA42: =VLOOKUP(Z42,[1]Preguntas!$U$5:$V$6,2,0) -> 10 | AB42: Si; cubre todos los efectos del riesgo | AC42: =VLOOKUP(AB42,Preguntas!$X$5:$Y$7,2,0) -> 20 | AD42: =+Q42+S42+U42+W42+Y42+AA42+AC42 -> 100
A43: Gobierno Nacional | B43: Articulación de la actividad de acreditación y la normatividad del país | C43: Desviación del marco regulatorio y gubernamental respecto a las actividades que desarrolla ONAC | D43: Falta de interacción con los diferentes actores de gobierno para asegurar que la reglamentación en materia de evaluación de la conformidad se dé en concordancia con los lineamientos nacionales e internacionales sobre el particular. Desconocimiento de la función de acreditación. Cambios en el personal de los entes de gobierno que participan en la construcción de la regulación. | E43: Políticos | F43: Estratégico | G43: Desarmonización de los lineamientos del SICAL. Desarticulación de la actividad de acreditación respecto del marco gubernamental. Dificultad para los OEC y los usuarios de los servicios de evaluación de la conformidad en el cumplimiento de la reglamentación. | H43: Estratégico | I43: 3 | J43: =VLOOKUP(I43,Listados!$E$1:$F$6,2) -> Posible | K43: 3 | L43: =VLOOKUP(K43,Listados!$E$1:$G$6,3) -> Moderado | M43: =IF(I43<>"",(INDEX(Listados!$B$34:$G$39,MATCH(I43,Listados!$B$34:$B$39,0),MATCH(K43,Listados!$B$34:$G$34,0))),"") -> A | N43: Dentro de la composicón del consejo Directivo de ONAC se encuentran 9 curules asignadas a gobierno. El presidente del Consejo Directivo es el rector de la política de calidad MINCIT. | O43: Preventivo | P43: SI | Q43: =VLOOKUP(P43,[1]Preguntas!$K$4:$L$5,2,0) -> 10 | R43: SI | S43: =VLOOKUP(R43,[1]Preguntas!$K$6:$L$7,2,0) -> 15 | T43: SI | U43: =VLOOKUP(T43,[1]Preguntas!$K$8:$L$9,2,0) -> 10 | V43: Siempre | W43: =VLOOKUP(V43,[1]Preguntas!$N$4:$O$6,2,0) -> 15 | X43: Si; la implementación del control ha evitado la ocurrencia del riesgo por más de UN AÑO | Y43: =VLOOKUP(X43,[1]Preguntas!$R$4:$S$8,2,0) -> 20 | Z43: Si; la implementación del control ha evitado la ocurrencia del riesgo por más de un año | AA43: =VLOOKUP(Z43,[1]Preguntas!$U$5:$V$6,2,0) -> 10 | AB43: Si; cubre todos los efectos del riesgo | AC43: =VLOOKUP(AB43,Preguntas!$X$5:$Y$7,2,0) -> 20 | AD43: =+Q43+S43+U43+W43+Y43+AA43+AC43 -> 100 | AE43: =IF(AND(I43>2,AVERAGE(AD43:AD45)>90),I43-2,IF(AND(I43>2,AVERAGE(AD43:AD45)>75),I43-2,IF(AND(I43>1,AVERAGE(AD43:AD45)>50),I43-1,I43))) -> 1 | AF43: =VLOOKUP(AD43,Listados!$E$1:$F$6,2) -> Casi seguro | AG43: =IF(AND(K43>2,AVERAGE(AD43:AD45)>90),K43-2,IF(AND(K43>1,AVERAGE(AD43:AD45)>75),K43-1,IF(AND(K43>1,AVERAGE(AD43:AD45)>50),K43-1,K43))) -> 1 | AH43: =VLOOKUP(AG43,Listados!$E$1:$G$6,3) -> Insignificante | AI43: =IF(AE43<>"",(INDEX(Listados!$B$34:$G$39,MATCH(AE43,Listados!$B$34:$B$39,0),MATCH(AG43,Listados!$B$34:$G$34,0))),"") -> B | AJ43: =VLOOKUP(AI43,Listados!$L$2:$M$5,2,0) -> Asumir | AK43: Herramienta de seguimiento | AL43: Crear mecanismos de seguimiento regulatorio, que permita detectar de manera temprana novedades en las que deba involucrase el SICAL o su correcta designación | AM43: Dirección de Desarrollo Gestión y mejora.
N44: Participación en Consultas públicas | O44: Preventivo | P44: SI | Q44: =VLOOKUP(P44,[1]Preguntas!$K$4:$L$5,2,0) -> 10 | R44: SI | S44: =VLOOKUP(R44,[1]Preguntas!$K$6:$L$7,2,0) -> 15 | T44: SI | U44: =VLOOKUP(T44,[1]Preguntas!$K$8:$L$9,2,0) -> 10 | V44: La mayoría de las veces | W44: =VLOOKUP(V44,[1]Preguntas!$N$4:$O$6,2,0) -> 10 | X44: Si; la implementación del control ha evitado la ocurrencia del riesgo en el ÚLTIMO SEMESTRE | Y44: =VLOOKUP(X44,[1]Preguntas!$R$4:$S$8,2,0) -> 10 | Z44: Si; la implementación del control ha evitado la ocurrencia del riesgo por más de un año | AA44: =VLOOKUP(Z44,[1]Preguntas!$U$5:$V$6,2,0) -> 10 | AB44: Si; cubre parcialmente los efectos del riesgo | AC44: =VLOOKUP(AB44,Preguntas!$X$5:$Y$7,2,0) -> 10 | AD44: =+Q44+S44+U44+W44+Y44+AA44+AC44 -> 75
N45: Participaciòn como invitado en la Comisión Intersectorial de Calidad | O45: Preventivo | P45: SI | Q45: =VLOOKUP(P45,[1]Preguntas!$K$4:$L$5,2,0) -> 10 | R45: SI | S45: =VLOOKUP(R45,[1]Preguntas!$K$6:$L$7,2,0) -> 15 | T45: SI | U45: =VLOOKUP(T45,[1]Preguntas!$K$8:$L$9,2,0) -> 10 | V45: Siempre | W45: =VLOOKUP(V45,[1]Preguntas!$N$4:$O$6,2,0) -> 15 | X45: Si; la implementación del control ha evitado la ocurrencia del riesgo por más de UN AÑO | Y45: =VLOOKUP(X45,[1]Preguntas!$R$4:$S$8,2,0) -> 20 | Z45: Si; la implementación del control ha evitado la ocurrencia del riesgo por más de un año | AA45: =VLOOKUP(Z45,[1]Preguntas!$U$5:$V$6,2,0) -> 10 | AB45: Si; cubre todos los efectos del riesgo | AC45: =VLOOKUP(AB45,Preguntas!$X$5:$Y$7,2,0) -> 20 | AD45: =+Q45+S45+U45+W45+Y45+AA45+AC45 -> 100
A46: Grupos Técnicos Asesores (GTA) | B46: Definición de Criterios o documentos para acreditación. | C46: Que el CEA o cualquier documento, resultado del trabajo de un GTA, anteponga intereses particulares sobre el cumplimiento general del criterio. | D46: Debilidad en la gestión de las reuniones de los GTA y la determinación del alcance de la participación. Falta de claridad en el rol del experto de GTA. Que el experto sea parte de un OEC Sobreponer intereses de un sector u organización. | E46: Mercado | F46: cultural | G46: Generar criterios específicos de acreditación fuera de los requisitos establecidos en el marco de la evaluación de la conformidad. Generar criterios que beneficien un interés de un particular o de un sector especifico. Dificultad en el cumplimiento de los requisitos por OEC's que no hacen parte o tienen representación de miembros en el GTA. Afectación a la imágen y credibilidad de ONAC. | H46: Operativo | I46: 3 | J46: =VLOOKUP(I46,Listados!$E$1:$F$6,2) -> Posible | K46: 3 | L46: =VLOOKUP(K46,Listados!$E$1:$G$6,3) -> Moderado | M46: =IF(I46<>"",(INDEX(Listados!$B$34:$G$39,MATCH(I46,Listados!$B$34:$B$39,0),MATCH(K46,Listados!$B$34:$G$34,0))),"") -> A | N46: Reglamento para la conformación de grupos técnicos asesores (RAC 04) | O46: Preventivo | P46: SI | Q46: =VLOOKUP(P46,[1]Preguntas!$K$4:$L$5,2,0) -> 10 | R46: SI | S46: =VLOOKUP(R46,[1]Preguntas!$K$6:$L$7,2,0) -> 15 | T46: SI | U46: =VLOOKUP(T46,[1]Preguntas!$K$8:$L$9,2,0) -> 10 | V46: Siempre | W46: =VLOOKUP(V46,[1]Preguntas!$N$4:$O$6,2,0) -> 15 | X46: Si; la implementación del control ha evitado la ocurrencia del riesgo por más de UN AÑO | Y46: =VLOOKUP(X46,[1]Preguntas!$R$4:$S$8,2,0) -> 20 | Z46: Si; la implementación del control ha evitado la ocurrencia del riesgo por más de un año | AA46: =VLOOKUP(Z46,[1]Preguntas!$U$5:$V$6,2,0) -> 10 | AB46: Si; cubre todos los efectos del riesgo | AC46: =VLOOKUP(AB46,Preguntas!$X$5:$Y$7,2,0) -> 20 | AD46: =+Q46+S46+U46+W46+Y46+AA46+AC46 -> 100 | AE46: =IF(AND(I46>2,AVERAGE(AD46:AD48)>90),I46-2,IF(AND(I46>2,AVERAGE(AD46:AD48)>75),I46-2,IF(AND(I46>1,AVERAGE(AD46:AD48)>50),I46-1,I46))) -> 1 | AF46: =VLOOKUP(AD46,Listados!$E$1:$F$6,2) -> Casi seguro | AG46: =IF(AND(K46>2,AVERAGE(AD46:AD48)>90),K46-2,IF(AND(K46>1,AVERAGE(AD46:AD48)>75),K46-1,IF(AND(K46>1,AVERAGE(AD46:AD48)>50),K46-1,K46))) -> 1 | AH46: =VLOOKUP(AG46,Listados!$E$1:$G$6,3) -> Insignificante | AI46: =IF(AE46<>"",(INDEX(Listados!$B$34:$G$39,MATCH(AE46,Listados!$B$34:$B$39,0),MATCH(AG46,Listados!$B$34:$G$34,0))),"") -> B | AJ46: =VLOOKUP(AI46,Listados!$L$2:$M$5,2,0) -> Asumir | AK46: Cronograma de implementación de los planes | AL46: Socializar el reglamento entre los miembros del GTA. Vigilar las condiciones de convocatoria de los miembros | AM46: Direcciones Técnicas
N47: Proceso de convocatoria y elección de los miembros de los GTA | O47: Preventivo | P47: SI | Q47: =VLOOKUP(P47,[1]Preguntas!$K$4:$L$5,2,0) -> 10 | R47: SI | S47: =VLOOKUP(R47,[1]Preguntas!$K$6:$L$7,2,0) -> 15 | T47: SI | U47: =VLOOKUP(T47,[1]Preguntas!$K$8:$L$9,2,0) -> 10 | V47: Siempre | W47: =VLOOKUP(V47,[1]Preguntas!$N$4:$O$6,2,0) -> 15 | X47: Si; la implementación del control ha evitado la ocurrencia del riesgo por más de UN AÑO | Y47: =VLOOKUP(X47,[1]Preguntas!$R$4:$S$8,2,0) -> 20 | Z47: Si; la implementación del control ha evitado la ocurrencia del riesgo por más de un año | AA47: =VLOOKUP(Z47,[1]Preguntas!$U$5:$V$6,2,0) -> 10 | AB47: Si; cubre todos los efectos del riesgo | AC47: =VLOOKUP(AB47,Preguntas!$X$5:$Y$7,2,0) -> 20 | AD47: =+Q47+S47+U47+W47+Y47+AA47+AC47 -> 100
N48: Poner en conocimiento del GTA con anticipación, los documentos a discusión | O48: Preventivo | P48: SI | Q48: =VLOOKUP(P48,[1]Preguntas!$K$4:$L$5,2,0) -> 10 | R48: SI | S48: =VLOOKUP(R48,[1]Preguntas!$K$6:$L$7,2,0) -> 15 | T48: SI | U48: =VLOOKUP(T48,[1]Preguntas!$K$8:$L$9,2,0) -> 10 | V48: Siempre | W48: =VLOOKUP(V48,[1]Preguntas!$N$4:$O$6,2,0) -> 15 | X48: Si; la implementación del control ha evitado la ocurrencia del riesgo por más de UN AÑO | Y48: =VLOOKUP(X48,[1]Preguntas!$R$4:$S$8,2,0) -> 20 | Z48: Si; la implementación del control ha evitado la ocurrencia del riesgo por más de un año | AA48: =VLOOKUP(Z48,[1]Preguntas!$U$5:$V$6,2,0) -> 10 | AB48: Si; cubre todos los efectos del riesgo | AC48: =VLOOKUP(AB48,Preguntas!$X$5:$Y$7,2,0) -> 20 | AD48: =+Q48+S48+U48+W48+Y48+AA48+AC48 -> 100
A49: Instituto Nacional de Metrología | B49: Participación de personal del INM en procesos de acreditación | C49: Presión del OEC condicionando a los resultados de la evaluación o decisión de acreditación cuando los profesionales técnicos provengan del convenio con el INM. | D49: Presión comercial y financiera. Debilidad en las políticas de imparcialidad del Organismo. Fallas en los procedimientos de designación. Falta de socialización de la normatividad de ONAC asociada a la prestación del servicio. | E49: Imagen | F49: Competencias | G49: Incumplimiento de requisitos de imparcialidad. | H49: Operativo | I49: 1 | J49: =VLOOKUP(I49,Listados!$E$1:$F$6,2) -> Raro | K49: 1 | L49: =VLOOKUP(K49,Listados!$E$1:$G$6,3) -> Insignificante | M49: =IF(I49<>"",(INDEX(Listados!$B$34:$G$39,MATCH(I49,Listados!$B$34:$B$39,0),MATCH(K49,Listados!$B$34:$G$34,0))),"") -> B | N49: Mesas de trabajo conjuntas de seguimiento. | O49: Preventivo | P49: SI | Q49: =VLOOKUP(P49,[1]Preguntas!$K$4:$L$5,2,0) -> 10 | R49: SI | S49: =VLOOKUP(R49,[1]Preguntas!$K$6:$L$7,2,0) -> 15 | T49: SI | U49: =VLOOKUP(T49,[1]Preguntas!$K$8:$L$9,2,0) -> 10 | V49: Siempre | W49: =VLOOKUP(V49,[1]Preguntas!$N$4:$O$6,2,0) -> 15 | X49: Si; la implementación del control ha evitado la ocurrencia del riesgo por más de UN AÑO | Y49: =VLOOKUP(X49,[1]Preguntas!$R$4:$S$8,2,0) -> 20 | Z49: Si; la implementación del control ha evitado la ocurrencia del riesgo por más de un año | AA49: =VLOOKUP(Z49,[1]Preguntas!$U$5:$V$6,2,0) -> 10 | AB49: Si; cubre todos los efectos del riesgo | AC49: =VLOOKUP(AB49,Preguntas!$X$5:$Y$7,2,0) -> 20 | AD49: =+Q49+S49+U49+W49+Y49+AA49+AC49 -> 100 | AE49: =IF(AND(I49>2,AVERAGE(AD49:AD51)>90),I49-2,IF(AND(I49>2,AVERAGE(AD49:AD51)>75),I49-2,IF(AND(I49>1,AVERAGE(AD49:AD51)>50),I49-1,I49))) -> 1 | AF49: =VLOOKUP(AD49,Listados!$E$1:$F$6,2) -> Casi seguro | AG49: =IF(AND(K49>2,AVERAGE(AD49:AD51)>90),K49-2,IF(AND(K49>1,AVERAGE(AD49:AD51)>75),K49-1,IF(AND(K49>1,AVERAGE(AD49:AD51)>50),K49-1,K49))) -> 1 | AH49: =VLOOKUP(AG49,Listados!$E$1:$G$6,3) -> Insignificante | AI49: =IF(AE49<>"",(INDEX(Listados!$B$34:$G$39,MATCH(AE49,Listados!$B$34:$B$39,0),MATCH(AG49,Listados!$B$34:$G$34,0))),"") -> B | AJ49: =VLOOKUP(AI49,Listados!$L$2:$M$5,2,0) -> Asumir | AK49: Quejas, reclamos, peticiones | AL49: Socializando la matriz de gestiòn de imparcialidad y el contendio del Còdiigo de Etica, Asi como algunos casoso tratados en Comité ( conservando confidencialidad). Activar el lineamiento de gestiòn de imparcialidad. | AM49: Comitè de Gestiòn de Competencias.
N50: Revisión constante del convenio. | O50: Preventivo | P50: SI | Q50: =VLOOKUP(P50,[1]Preguntas!$K$4:$L$5,2,0) -> 10 | R50: SI | S50: =VLOOKUP(R50,[1]Preguntas!$K$6:$L$7,2,0) -> 15 | T50: SI | U50: =VLOOKUP(T50,[1]Preguntas!$K$8:$L$9,2,0) -> 10 | V50: Siempre | W50: =VLOOKUP(V50,[1]Preguntas!$N$4:$O$6,2,0) -> 15 | X50: Si; la implementación del control ha evitado la ocurrencia del riesgo por más de UN AÑO | Y50: =VLOOKUP(X50,[1]Preguntas!$R$4:$S$8,2,0) -> 20 | Z50: Si; la implementación del control ha evitado la ocurrencia del riesgo por más de un año | AA50: =VLOOKUP(Z50,[1]Preguntas!$U$5:$V$6,2,0) -> 10 | AB50: Si; cubre todos los efectos del riesgo | AC50: =VLOOKUP(AB50,Preguntas!$X$5:$Y$7,2,0) -> 20 | AD50: =+Q50+S50+U50+W50+Y50+AA50+AC50 -> 100
N51: Inducción a los Profesionales Técnicos cuyos servicios se usen en virtud del convenio. | O51: Preventivo | P51: SI | Q51: =VLOOKUP(P51,[1]Preguntas!$K$4:$L$5,2,0) -> 10 | R51: SI | S51: =VLOOKUP(R51,[1]Preguntas!$K$6:$L$7,2,0) -> 15 | T51: SI | U51: =VLOOKUP(T51,[1]Preguntas!$K$8:$L$9,2,0) -> 10 | V51: Siempre | W51: =VLOOKUP(V51,[1]Preguntas!$N$4:$O$6,2,0) -> 15 | X51: Si; la implementación del control ha evitado la ocurrencia del riesgo por más de UN AÑO | Y51: =VLOOKUP(X51,[1]Preguntas!$R$4:$S$8,2,0) -> 20 | Z51: Si; la implementación del control ha evitado la ocurrencia del riesgo por más de un año | AA51: =VLOOKUP(Z51,[1]Preguntas!$U$5:$V$6,2,0) -> 10 | AB51: Si; cubre todos los efectos del riesgo | AC51: =VLOOKUP(AB51,Preguntas!$X$5:$Y$7,2,0) -> 20 | AD51: =+Q51+S51+U51+W51+Y51+AA51+AC51 -> 100
A52: Organismo Nacional de Normalización - ICONTEC | B52: Que el normalizador preste servicios como Organismo Evaluador de la Conformidad. | C52: Presiones/Influencia al acreditador dentro de procesos de evaluación por la posición favorecida del normalizador. | D52: Desconocimiento del rol en el que actúa el personal interno de ICONTEC en eventos particulares, confundiéndose el rol entre normalizador y organismo evaluador de la conformidad. Acceso y conocimiento a información privilegiada que obtenga como normalizador y use como OEC. Posición preponderante en el SICAL | E52: Mercado | F52: Comunicación | G52: Intereses particulares que favorecen su rol como Organismo de Evaluación de la Conformidad. Que los procesos de acreditación de ICONTEC sean favorecidos Trato no igualitario a los OEC que no cuentan con las mismas condiciones. Pérdida de objetividad por parte de ONAC. Afectación a la imágen y credibilidad de ONAC. | H52: Operativo | I52: 1 | J52: =VLOOKUP(I52,Listados!$E$1:$F$6,2) -> Raro | K52: 1 | L52: =VLOOKUP(K52,Listados!$E$1:$G$6,3) -> Insignificante | M52: =IF(I52<>"",(INDEX(Listados!$B$34:$G$39,MATCH(I52,Listados!$B$34:$B$39,0),MATCH(K52,Listados!$B$34:$G$34,0))),"") -> B | N52: Distinción entre el Directorio de Organismos de Evaluación de la Conformidad (Directorio Oficial de Acreditados), y el Directorio de Partes Interesadas. | O52: Preventivo | P52: SI | Q52: =VLOOKUP(P52,[1]Preguntas!$K$4:$L$5,2,0) -> 10 | R52: SI | S52: =VLOOKUP(R52,[1]Preguntas!$K$6:$L$7,2,0) -> 15 | T52: SI | U52: =VLOOKUP(T52,[1]Preguntas!$K$8:$L$9,2,0) -> 10 | V52: Siempre | W52: =VLOOKUP(V52,[1]Preguntas!$N$4:$O$6,2,0) -> 15 | X52: Si; la implementación del control ha evitado la ocurrencia del riesgo por más de UN AÑO | Y52: =VLOOKUP(X52,[1]Preguntas!$R$4:$S$8,2,0) -> 20 | Z52: Si; la implementación del control ha evitado la ocurrencia del riesgo por más de un año | AA52: =VLOOKUP(Z52,[1]Preguntas!$U$5:$V$6,2,0) -> 10 | AB52: Si; cubre todos los efectos del riesgo | AC52: =VLOOKUP(AB52,Preguntas!$X$5:$Y$7,2,0) -> 20 | AD52: =+Q52+S52+U52+W52+Y52+AA52+AC52 -> 100 | AE52: =IF(AND(I52>2,AVERAGE(AD52:AD52)>90),I52-2,IF(AND(I52>2,AVERAGE(AD52:AD52)>75),I52-2,IF(AND(I52>1,AVERAGE(AD52:AD52)>50),I52-1,I52))) -> 1 | AF52: =VLOOKUP(AD52,Listados!$E$1:$F$6,2) -> Casi seguro | AG52: =IF(AND(K52>2,AVERAGE(AD52:AD52)>90),K52-2,IF(AND(K52>1,AVERAGE(AD52:AD52)>75),K52-1,IF(AND(K52>1,AVERAGE(AD52:AD52)>50),K52-1,K52))) -> 1 | AH52: =VLOOKUP(AG52,Listados!$E$1:$G$6,3) -> Insignificante | AI52: =IF(AE52<>"",(INDEX(Listados!$B$34:$G$39,MATCH(AE52,Listados!$B$34:$B$39,0),MATCH(AG52,Listados!$B$34:$G$34,0))),"") -> B | AJ52: =VLOOKUP(AI52,Listados!$L$2:$M$5,2,0) -> Asumir | AK52: Quejas, reclamos, peticiones | AL52: Incluir en las estrategias de comunicación la diferencia de rol de ICONTEC | AM52: Jefatura de Comunicaciones
A53: Universidades e instituciones de educación superior | B53: Que una institución de educación superior o univerdidad preste servicios de evaluador de la conformidad | C53: Generar confusión cuando las Universidades se encuentran acreditadas por ONAC y cuando existen eventos conjuntos donde se requiere la participación del SICAL en la academia. | D53: Desconocimiento de terceros respecto de la diferencia del rol que tiene la academia en el SICAL y cuando una universidad se encuentra cubierta con un alcance acreditado. | E53: Imagen | F53: Comunicación | G53: Intereses particulares que favorecen su rol como Organismo de Evaluación de la Conformidad. | H53: Estratégico | I53: 1 | J53: =VLOOKUP(I53,Listados!$E$1:$F$6,2) -> Raro | K53: 1 | L53: =VLOOKUP(K53,Listados!$E$1:$G$6,3) -> Insignificante | M53: =IF(I53<>"",(INDEX(Listados!$B$34:$G$39,MATCH(I53,Listados!$B$34:$B$39,0),MATCH(K53,Listados!$B$34:$G$34,0))),"") -> B | N53: Distinción entre el Directorio de Organismos de Evaluación de la Conformidad (Directorio Oficial de Acreditados), y el Directorio de Partes Interesadas | O53: Preventivo | P53: SI | Q53: =VLOOKUP(P53,[1]Preguntas!$K$4:$L$5,2,0) -> 10 | R53: SI | S53: =VLOOKUP(R53,[1]Preguntas!$K$6:$L$7,2,0) -> 15 | T53: SI | U53: =VLOOKUP(T53,[1]Preguntas!$K$8:$L$9,2,0) -> 10 | V53: Siempre | W53: =VLOOKUP(V53,[1]Preguntas!$N$4:$O$6,2,0) -> 15 | X53: Si; la implementación del control ha evitado la ocurrencia del riesgo por más de UN AÑO | Y53: =VLOOKUP(X53,[1]Preguntas!$R$4:$S$8,2,0) -> 20 | Z53: Si; la implementación del control ha evitado la ocurrencia del riesgo por más de un año | AA53: =VLOOKUP(Z53,[1]Preguntas!$U$5:$V$6,2,0) -> 10 | AB53: Si; cubre todos los efectos del riesgo | AD53: =+Q53+S53+U53+W53+Y53+AA53+AC53 -> 80 | AE53: =IF(AND(I53>2,AVERAGE(AD53:AD53)>90),I53-2,IF(AND(I53>2,AVERAGE(AD53:AD53)>75),I53-2,IF(AND(I53>1,AVERAGE(AD53:AD53)>50),I53-1,I53))) -> 1 | AF53: =VLOOKUP(AD53,Listados!$E$1:$F$6,2) -> Casi seguro | AG53: =IF(AND(K53>2,AVERAGE(AD53:AD53)>90),K53-2,IF(AND(K53>1,AVERAGE(AD53:AD53)>75),K53-1,IF(AND(K53>1,AVERAGE(AD53:AD53)>50),K53-1,K53))) -> 1 | AH53: =VLOOKUP(AG53,Listados!$E$1:$G$6,3) -> Insignificante | AI53: =IF(AE53<>"",(INDEX(Listados!$B$34:$G$39,MATCH(AE53,Listados!$B$34:$B$39,0),MATCH(AG53,Listados!$B$34:$G$34,0))),"") -> B | AJ53: =VLOOKUP(AI53,Listados!$L$2:$M$5,2,0) -> Asumir | AK53: Quejas, reclamos, peticiones | AL53: Incluir en las estrategias de comunicaciòn la diferencia de rol del SICAL en la academia y la condiciòn de acreditado de algùn esquema de la instituciòn educativa | AM53: Jefatura de Comunicaciones
A54: Proveedores | B54: Adquirir bienes y servicios para ONAC ineficientes. | C54: No hacer una decuada identificación de las necesidades que se pretenden satisfacer con las contrataciones. | D54: Desconocimiento de los principios vertidos en el Manual de Contratación de ONAC Desconocer los mecanismos de selección de proveedores. Influencia de algún integrante de ONAC para adjudicar algun contrato. | E54: Legal | F54: Jurídico | G54: Que se seleccione un contratista que no esté en capacidad de cumplir con el objeto del contrato. Afectación de las finanzas del organismo. Incumplimiento del Manual de Contratación Reclamaciones del contratista. | H54: Operativo | I54: 3 | J54: =VLOOKUP(I54,Listados!$E$1:$F$6,2) -> Posible | K54: 3 | L54: =VLOOKUP(K54,Listados!$E$1:$G$6,3) -> Moderado | M54: =IF(I54<>"",(INDEX(Listados!$B$34:$G$39,MATCH(I54,Listados!$B$34:$B$39,0),MATCH(K54,Listados!$B$34:$G$34,0))),"") -> A | N54: Manual de Contratación y el funcionamiento del Comité de Contratación. Auditorias de la Revisoria Fiscal | O54: Detectivo | P54: SI | Q54: =VLOOKUP(P54,[1]Preguntas!$K$4:$L$5,2,0) -> 10 | R54: SI | S54: =VLOOKUP(R54,[1]Preguntas!$K$6:$L$7,2,0) -> 15 | T54: SI | U54: =VLOOKUP(T54,[1]Preguntas!$K$8:$L$9,2,0) -> 10 | V54: Siempre | W54: =VLOOKUP(V54,[1]Preguntas!$N$4:$O$6,2,0) -> 15 | X54: Si; la implementación del control ha evitado la ocurrencia del riesgo por más de UN AÑO | Y54: =VLOOKUP(X54,[1]Preguntas!$R$4:$S$8,2,0) -> 20 | Z54: Si; la implementación del control ha evitado la ocurrencia del riesgo por más de un año | AA54: =VLOOKUP(Z54,[1]Preguntas!$U$5:$V$6,2,0) -> 10 | AB54: Si; cubre todos los efectos del riesgo | AC54: =VLOOKUP(AB54,Preguntas!$X$5:$Y$7,2,0) -> 20 | AD54: =+Q54+S54+U54+W54+Y54+AA54+AC54 -> 100 | AE54: =IF(AND(I54>2,AVERAGE(AD54:AD56)>90),I54-2,IF(AND(I54>2,AVERAGE(AD54:AD56)>75),I54-2,IF(AND(I54>1,AVERAGE(AD54:AD56)>50),I54-1,I54))) -> 1 | AF54: =VLOOKUP(AD54,Listados!$E$1:$F$6,2) -> Casi seguro | AG54: =IF(AND(K54>2,AVERAGE(AD54:AD56)>90),K54-2,IF(AND(K54>1,AVERAGE(AD54:AD56)>75),K54-1,IF(AND(K54>1,AVERAGE(AD54:AD56)>50),K54-1,K54))) -> 1 | AH54: =VLOOKUP(AG54,Listados!$E$1:$G$6,3) -> Insignificante | AI54: =IF(AE54<>"",(INDEX(Listados!$B$34:$G$39,MATCH(AE54,Listados!$B$34:$B$39,0),MATCH(AG54,Listados!$B$34:$G$34,0))),"") -> B | AJ54: =VLOOKUP(AI54,Listados!$L$2:$M$5,2,0) -> Asumir | AK54: Auditorías | AL54: Seguimiento a la actividad contractual y a los hallazgos que se deriven de las auditorias | AM54: Comité de Contrataciòn
N55: Informes a la Contraloria General de la Repùblica | O55: Preventivo | P55: SI | Q55: =VLOOKUP(P55,[1]Preguntas!$K$4:$L$5,2,0) -> 10 | R55: SI | S55: =VLOOKUP(R55,[1]Preguntas!$K$6:$L$7,2,0) -> 15 | T55: SI | U55: =VLOOKUP(T55,[1]Preguntas!$K$8:$L$9,2,0) -> 10 | V55: Siempre | W55: =VLOOKUP(V55,[1]Preguntas!$N$4:$O$6,2,0) -> 15 | X55: Si; la implementación del control ha evitado la ocurrencia del riesgo por más de UN AÑO | Y55: =VLOOKUP(X55,[1]Preguntas!$R$4:$S$8,2,0) -> 20 | Z55: Si; la implementación del control ha evitado la ocurrencia del riesgo por más de un año | AA55: =VLOOKUP(Z55,[1]Preguntas!$U$5:$V$6,2,0) -> 10 | AB55: Si; cubre todos los efectos del riesgo | AC55: =VLOOKUP(AB55,Preguntas!$X$5:$Y$7,2,0) -> 20 | AD55: =+Q55+S55+U55+W55+Y55+AA55+AC55 -> 100
N56: Los Informes que presenta la administraciòn en el Comité Administrativo | O56: Preventivo | P56: SI | Q56: =VLOOKUP(P56,[1]Preguntas!$K$4:$L$5,2,0) -> 10 | R56: SI | S56: =VLOOKUP(R56,[1]Preguntas!$K$6:$L$7,2,0) -> 15 | T56: SI | U56: =VLOOKUP(T56,[1]Preguntas!$K$8:$L$9,2,0) -> 10 | V56: Siempre | W56: =VLOOKUP(V56,[1]Preguntas!$N$4:$O$6,2,0) -> 15 | X56: Si; la implementación del control ha evitado la ocurrencia del riesgo por más de UN AÑO | Y56: =VLOOKUP(X56,[1]Preguntas!$R$4:$S$8,2,0) -> 20 | Z56: Si; la implementación del control ha evitado la ocurrencia del riesgo por más de un año | AA56: =VLOOKUP(Z56,[1]Preguntas!$U$5:$V$6,2,0) -> 10 | AB56: Si; cubre todos los efectos del riesgo | AC56: =VLOOKUP(AB56,Preguntas!$X$5:$Y$7,2,0) -> 20 | AD56: =+Q56+S56+U56+W56+Y56+AA56+AC56 -> 100

Sheet Instructivo Diligenciamiento
A2: IDENTIFICACIÓN DEL RIESGO
A4: De acuerdo con la definición de riesgo "efecto de la incertidumbre sobre los objetivos", se procede a revisar el objetivo del proceso, el cual se constituye como punto de partida del análisis de riesgos y se adelantan los siguientes pasos:
A7: 1. Selección de actividades críticas del proceso: Aunque en todas las actividades de un proceso se pueden presentar riesgos de diferente índole, es necesario priorizar aquellas a las cuales se les realizará el análisis de riesgos, para marcarlas como actividades críticas. Estas actividades son identificadas como críticas porque requieren de especial atención debido a que su ejecución tiene un mayor impacto sobre el resultado final esperado del proceso, es decir sobre el objetivo del mismo. Las actividades críticas se identifican en la caracterización del proceso, y en la documentación relacionada (procedimientos, manuales e instructivos), para su identificación se aplican los siguientes criterios: - El resultado de la actividad tiene alta incidencia en el objetivo del proceso, es decir la actividad es clave para la obtención de lo que se espera lograr con el proceso. - La materialización de algún riesgo en esa actividad afecta directamente el cumplimiento del objetivo del proceso (producto y/o servicio). - La actividad tiene asociados controles preventivos o correctivos que evitan situaciones no deseadas, o por sí misma es un control. - En actividades posteriores no se ejercen controles más efectivos. - Los controles que se aplican en estas actividades son recurrentes, se cuenta con evidencia de su aplicación y están definidos los responsables de aplicarlos. - En la actividad se genera un registro (evidencia o un entregable final).
A18: 2. Identificación de eventos: Consiste en identificar la ocurrencia o lo que puede ocurrir que afecte negativamente el logro de los objetivos del proceso o conseguir el resultado esperado del mismo. Con base en las tipologías de riesgos, se analizan cuáles de dichas tipologías pueden presentarse en el proceso analizado y a partir de las mismas se identifican los eventos que pueden estar relacionados. La identificación de eventos se realiza en la(s) actividad(es) que han sido señalada(s) como crítica(s) y consiste en establecer las situaciones indeseadas que pueden impedir, degradar o retrasar la realización de la actividad critica. La identificación de eventos se realiza a partir de juicios por parte de los ejecutores de las actividades de los procesos, basados en su conocimiento y experiencia, así como en los registros generados del proceso, el análisis de la información reportada en sistemas de información y análisis de escenarios.
A24: 3. Priorización de riesgos: No todos los riesgos identificados deben estar contemplados en la matriz de riesgo por proceso, es importante dejar aquellos que son prioritarios, entre las actividades críticas identificadas. Se pueden realizar las siguientes preguntas para establecer cuáles riesgos son más importantes para su administración: ¿La materialización del riesgo afecta el producto y/o servicio de la actividad? ¿La materialización del riesgo afecta la realización de otras actividades (subsiguientes a la señalada como critica)? ¿Al materializarse ese riesgo, es necesario repetir la realización de actividades anteriores? ¿La materialización del riesgo impide el cumplimiento de alguna normativa? ¿La materialización del riesgo afecta la imagen de la corporación? ¿La materialización del riesgo interrumpe la operación? ¿Se generan sanciones económicas o administrativas cuando se materializa el riesgo? ¿Podría propiciar quejas o reclamos de los usuarios o partes interesadas? A partir de estos interrogantes se seleccionan los riesgos cuyas respuestas sean en su mayoría afirmativas. Estos riesgos serán los más significativos, ya que están relacionados con los objetivos del proceso.
A32: REGISTRO DE RIESGOS EN LA MATRIZ
A34: EVENTO | F34: Deje este espacio en blanco - será diligenciado por el área de Gestión del Riesgo y Aseguramiento de la Calidad.
A36: DESCRIPCIÓN DEL RIESGO | F36: Describa el riesgo, indicando las características generales o las formas en que se observa o manifiesta el riesgo identificado. Redacte allí la especificidad de lo que se quiere controlar. Para la descripción del riesgo tenga en cuenta las respuestas a las siguientes preguntas: ¿Como puede suceder el riesgo? / ¿Cuándo puede suceder? / ¿Dónde puede suceder? Ejemplo: "Posibilidad de recibir o solicitar cualquier dádiva o beneficio a nombre propio o para terceros".
A40: CAUSAS | F40: Registre aquellos factores internos o externos que pueden dar origen a la materialización del riesgo. Ejemplo: "Presiones indebidas".
A43: FACTORES EXTERNOS / INTERNOS | F43: Asocie las posibles fuentes de riesgo (tangibles o intangibles) es decir, los medios, las circunstancias y agentes generadores de riesgo, lo cual se entiende como todos los sujetos u objetos que tienen el potencial de originarlo. Estas fuentes pueden ser internas al ser atribuidas a factores organizacionales, personas, métodos, equipos, materiales e instalaciones, directamente involucradas en el proceso y a la Corporación; o externas cuando provienen del entorno en el que ONAC desarrolla sus funciones.
F47: FACTORES EXTERNOS | J47: FACTORES INTERNOS
F48: Se relacionan con los aspectos externos a la corporación, sea internacional, nacional o regional: | J48: Se relacionan con la estructura, cultura organizacional, el modelo de operación, el cumplimiento de los planes y programas, los sistemas de información, los procesos, la infraestructura, el recurso humano y económico con los que cuenta la Corporación.
F50: Económicos
F51: Imagen | J51: Competencias | M51: Jurídico
F52: Legal | J52: Comunicación | M52: Logístico
F53: Medioambientales | J53: Cultural | M53: Método-procesos
F54: Políticos | J54: Documentación | M54: Seguridad
F55: Sociales | J55: Estratégico | M55: Sistemas de Información
F56: Tecnológicos | J56: Financiero | M56: Tecnología
F57: Mercado | J57: Infraestructura | M57: Estructura Jerárquica
A59: CONSECUENCIAS POTENCIALES | F59: Identifique el efecto que tiene la ocurrencia del riesgo sobre el logro de los objetivos del proceso o la Corporación. Ejemplo: Sanciones, demandas, pérdida de imagen y alto nivel de quejas de clientes o partes interesadas. Analice los tipos de efectos inmediatos que afectan el desarrollo de actividades posteriores del proceso, y los extremos que se relacionan con efectos legales, sanciones o afectación en la operación de ONAC.
A64: CLASIFICACIÓN DEL RIESGO | F64: De acuerdo con la tipología relacionada en la siguiente tabla, seleccione la que más se ajusta al riesgo identificado. Si considera que puede aplicarse varias, seleccione la de mayor impacto.
F66: TIPOLOGÍA DE RIESGOS
F67: RIESGOS | G67: DESCRIPCIÓN
F68: Estratégicos | G68: Posibilidad de ocurrencia de eventos que afecten los objetivos estratégicos de la corporación y por tanto impactan en la gestión de la misma.
F69: Operativos | G69: Posibilidad de ocurrencia de eventos que afecten los procesos misionales o de prestación del servicio.
F70: Financieros | G70: Posibilidad de ocurrencia de eventos que afecten los estados financieros, y todas las actividades relacionadas con el manejo de dinero como tesorería, contabilidad, cartera, cuentas, costos, etc.
F71: Tecnológicos | G71: Posibilidad de ocurrencia de eventos que afecten la totalidad o parte de la infraestructura tecnológica (hardware, software, redes).
F72: Cumplimiento | G72: Posibilidad de ocurrencia de eventos que afecten la situación jurídica o contractual de la corporación, debido a su incumplimiento o desacato de la normativa legal o técnica y de las obligaciones contractuales. También incluye pasar por alto los compromisos o acuerdos establecidos, incluyendo la imposibilidad de realizar las actividades de los procesos, planes de acción o proyectos, demoras o retrasos en la ejecución, baja cobertura o falta de oportunidad en la prestación de servicios frente a compromisos declarados a las partes interesadas.
F73: Imagen o reputacional | G73: Posibilidad de ocurrencia de un evento que afecte la imagen, buen nombre o reputación de ONAC frente a sus clientes y partes interesadas.
F74: Corrupción | G74: Posibilidad de que, por acción u omisión, se use el poder para desviar la gestión hacia un beneficio particular.
A77: ANÁLISIS Y CALIFICACIÓN DEL RIESGO ANTES DE CONTROLES
A79: En esta sección, se registrará el análisis del riesgo inherente, el cual consiste en determinar la probabilidad de ocurrencia (frecuencia) y la magnitud de sus consecuencias (impacto), en ausencia de medidas o acciones para modificar su probabilidad o impacto, con el fin de estimar la zona de riesgo inicial (riesgo inherente).
A82: PROBABILIDAD | F82: Es la posibilidad de ocurrencia del riesgo, esta puede ser medida con criterios de frecuencia o factibilidad. Para ello, se establece la frecuencia con la que se ha presentado (si ha pasado) o puede presentarse el riesgo (factibilidad).
A85: PROBABILIDAD - FRECUENCIA | F85: Emplee este criterio, para calificar el riesgo si cuenta con datos o registros de su materialización, Se analizan el número de eventos en un periodo determinado, se trata de hechos que se han materializado o se cuenta con un historial de situaciones o estadísticas de eventos asociados al riesgo, por ejemplo, no conformidades o reportes de quejas, reclamos o denuncias. En la siguiente tabla se presentan los niveles de riesgo bajo este criterio:
H88: Calificación de probabilidad bajo el criterio de FRECUENCIA
F89: NIVEL | G89: DESCRIPTOR | H89: DESCRIPCIÓN | M89: FRECUENCIA
F90: 5 | G90: Casi seguro | H90: El evento ha ocurrido en la mayoría de las circunstancias. | M90: Más de 5 veces al año.
F91: 4 | G91: Probable | H91: Es viable que el evento ocurra en la mayoría de las circunstancias. | M91: Entre 3 y 5 veces en el último año.
F92: 3 | G92: Posible | H92: El evento podrá ocurrir en algún momento. | M92: Entre 1 y 2 veces en el último año.
F93: 2 | G93: Improbable | H93: El evento puede ocurrir en algún momento. | M93: Al menos 1 vez en los últimos 3 años.
F94: 1 | G94: Raro | H94: El evento puede ocurrir solo en circunstancias excepcionales (poco comunes o anormales). | M94: No se ha presentado en los últimos 5 años.
A95: PROBABILIDAD - FACTIBILIDAD | F95: En caso de que no se cuente con datos históricos o no tenga conocimiento, sobre el número de eventos que se han materializado en un periodo de tiempo, emplee el criterio de factibilidad. Se analiza la probabilidad con base en el juicio y experiencia del equipo; se trata en este caso de un hecho que no se ha presentado, pero es posible que se dé por la naturaleza de cómo se realiza la actividad critica. Es importante tener en cuenta el análisis de aspectos como: * Número de veces que se realiza la actividad en un espacio de tiempo * Número de personas que intervienen en la realización de la actividad * Grado de tecnificación, automatización de la actividad * Antigüedad y experiencia en la ejecución de la actividad De acuerdo con el análisis, se selecciona el grado de probabilidad con base en la siguiente tabla de probabilidad:
I104: Calificación de probabilidad bajo el criterio de FACTIBILIDAD
G105: NIVEL | H105: DESCRIPTOR | I105: DESCRIPCIÓN
G106: 5 | H106: Casi seguro | I106: El evento ocurrirá en la mayoría de las circunstancias.
G107: 4 | H107: Probable | I107: El evento probablemente ocurrirá en la mayoría de las circunstancias.
G108: 3 | H108: Posible | I108: El evento podría ocurrir en algún momento.
G109: 2 | H109: Improbable | I109: Podría ocurrir solo en circunstancias muy excepcionales.
G110: 1 | H110: Raro | I110: La eventualidad de ocurrencia es muy baja casi nula.
A112: IMPACTO | F112: Impacto: magnitud de las consecuencias que puede ocasionar a la Corporación la materialización del riesgo. Para ello, se tienen en cuenta las consecuencias potenciales establecidas. A continuación, se presentan los criterios para calificar el nivel de impacto considerando factores cuantitativos y cualitativos:
F114: NIVEL | G114: DESCRIPTOR | H114: IMPACTO
H115: Consecuencias cuantitativas | K115: Consecuencias cualitativas
F116: 1 | G116: Insignificante | H116: * Afecta financieramente a la corporación en un valor < 1%. * Pérdida de cobertura en la prestación del servicio en un valor < 5%. | K116: * No hay interrupción de las operaciones de la corporación. * No se afecta la imagen de ONAC.
F117: 2 | G117: Menor | H117: * Afecta financieramente a la corporación en un valor entre 2% y el 5% . * Pérdida de cobertura en la prestación del servicio entre un 6% y un 10 %. | K117: * Interrupción de las operaciones de la Corporación por algunas horas. * Retrasos menores en la prestación del servicio. * Imagen institucional afectada en un grupo específico de partes interesadas.
F118: 3 | G118: Moderado | H118: * Afecta financieramente a la corporación en un valor entre 6% y el 14%. * Pérdida de cobertura en la prestación del servicio entre un 11% y un 15%. | K118: * Interrupción de las operaciones de la Corporación por un día. * Reclamaciones o quejas de los usuarios. * Reproceso de actividades y aumento de carga operativa. * Pérdida de información que puede recuperarse a corto plazo. * Retrasos moderados en la prestación del servicio. * Pérdida de Imagen de ONAC afectada localmente.
F119: 4 | G119: Mayor | H119: * Afecta financieramente a la corporación en un valor entre 15% y el 25%. * Pérdida de cobertura en la prestación del servicio entre un 16% y un 20%. | K119: * Interrupción de las operaciones de la Corporación por más de dos días. * Pérdida de información crítica que puede ser recuperada de forma parcial o incompleta. * Incumplimiento de metas u objetivos institucionales. * Imagen institucional afectada en el orden regional.
F120: 5 | G120: Catastrófico | H120: * Afecta financieramente a la corporación en un valor > 25%. * Pérdida de cobertura en la prestación del servicio en un valor mayor al 25%. | K120: * Interrupción de las operaciones de la Corporación por más de cinco días. * Pérdida de información crítica que no se puede recuperar. * Incumplimiento de normativa legal. * Reclamaciones o quejas de los usuarios que podrían implicar una denuncia o demanda de largo alcance para la Corporación. * Sanciones legales para el representante legal. * Imagen institucional afectada en el orden nacional o internacional.
A122: EVALUACIÓN ZONA RIESGO | F122: Valoración de riesgo inherente: Una vez se ha determinado la probabilidad e impacto de cada riesgo identificado, se establece la ubicación de los riesgos de acuerdo con la valoración de probabilidad e impacto realizado. Cuando el riesgo antes de controles, quede ubicado en una zona baja, no se debe continuar con las actividades posteriores, considerando que es un riesgo ya controlado cuya decisión a tomar es asumirlo y no requiere la aplicación de nuevos controles. Se procede a identificar un nuevo riesgo en la actividad crítica analizada y realizar de nuevo las actividades relacionadas a la identificación de riesgo.
A125: B | B125: M | C125: A | D125: E
A127: IDENTIFICACIÓN Y TIPOS DE CONTROLES
A129: Análisis de controles: consiste en identificar y valorar los controles que en la actualidad se aplican en el proceso a fin de disminuir la probabilidad de ocurrencia del riesgo o mitigar su impacto. En ese sentido, se desarrollan las siguientes actividades:
A132: CONTROLES | F132: Identificar los controles que en la actualidad se ejecutan con el fin de prevenir la materialización del riesgo o mitigar los efectos de su materialización, en lo posible se recomienda identificar como máximo tres controles por cada riesgo, priorizando los más relevantes o con mayor efectividad. Nota: Es necesario que las personas que participan en la identificación de controles, tengan conocimiento de la ejecución del proceso, así como de las herramientas informáticas utilizadas para el desarrollo de actividades, la normativa que reglamenta la actividad, los documentos asociados, registros etc., que se emplean para efectuar algún tipo de control. El control es una ACTIVIDAD por tanto debe ir descrito en verbo acompañado de un sustantivo que tenga relación con la herramienta que se utiliza para aplicar el control.
A140: CLASIFICACIÓN DEL CONTROL | F140: Clasificar el control teniendo en cuenta, si es: • Preventivo: aquellos que actúan para eliminar las causas del riesgo, para prevenir su ocurrencia o materialización. • Detectivo: revelan la posible ocurrencia de un riesgo. • Correctivo: aquellos que permiten el restablecimiento de la actividad, después de haberse materializado el riesgo y mitiga el impacto ocasionado.
A145: VALORACIÓN DE CONTROLES: PROBABILIDAD / IMPACTO | F145: Se procede a valorar cada uno de los controles de acuerdo con los criterios establecidos en las columnas : Para cada control identificado se realiza la valoración respecto a los criterios de probabilidad e impacto. * Valoración respecto a la probabilidad (sobre causas y eventos generadores): con el fin de establecer el grado de efectividad del control respecto a la prevención de la ocurrencia del riesgo, se responden las preguntas, de manera objetiva. * Valoración del control respecto al impacto (sobre los efectos): algunos controles disminuyen el impacto, por ejemplo: Plan de contingencia, Plan de tratamiento de productos o servicios no conformes, Plan de continuidad del negocio, Pólizas de cumplimiento, Back ups, respaldo de información. Se contesta la pregunta, teniendo en cuenta los criterios de cubrimiento y administración de dichos controles. Consiste en determinar el riesgo no cubierto por los controles establecidos, una vez estos se han valorado dependiendo del resultado obtenido al aplicar las preguntas anteriores. El riesgo residual será entonces el resultado del riesgo después de aplicar los controles.
A155: ANÁLISIS Y CALIFICACIÓN DEL RIESGO DESPUÉS DE CONTROLES | F155: Terminada la valoración de controles, se puede disminuir o mantener la calificación de la probabilidad y del impacto. Este resultado lo arroja el formato automáticamente.
A157: OPCIÓN DE MANEJO | F157: Arroja las opciones de manejo del riesgo dependiendo de la zona donde se encuentre el riesgo residual, según la Matriz de Evaluación: Asumir el riesgo, Reducir el riesgo, evitar, compartir o transferir. La opción de manejo aparece por defecto. De acuerdo a esto se deben definir las acciones: * Evitar el riesgo: Tomar las medidas encaminadas a prevenir su materialización. Es siempre la primera alternativa a considerar, se logra cuando al interior de los procesos se genera cambios sustanciales por mejoramiento, rediseño o eliminación, resultados de unos adecuados controles y acciones emprendidas. Ejemplo: Mantenimiento preventivo de equipos. * Reducir el riesgo: Implica tomar medidas encaminadas a disminuir tanto la probabilidad (medidas de prevención), como el impacto (medidas de protección). Se considera que es el método más sencillo y económico para superar las debilidades antes de aplicar otras medidas. Ejemplo: la implementación de controles y la optimización de procedimientos. * Compartir o transferir el riesgo: Reduce su efecto a través del traspaso de las pérdidas a otras organizaciones. Ejemplo: Pólizas, contratos de seguros o de riesgo compartido, tercerización de servicios como almacenamiento de información. * Asumir el riesgo: Luego de que el riesgo ha sido reducido o transferido, puede quedar un riesgo residual que se mantiene, en este caso el líder del proceso acepta la pérdida residual probable y no elabora planes de contingencia para su manejo.
A170: MECANISMO DE DETECCIÓN DE MATERIALIZACIÓN | F170: Como medida para detectar la posible materialización de los riesgos o como indicador del funcionamiento de los controles, se establece un mecanismo que permita obtener esta información. Para ello, se selecciona alguna de estas opciones: * Herramienta de seguimiento: hace referencia a aplicativos, cronogramas, planes de trabajo, informes, entre otros, con los cuales es posible detectar la ocurrencia de riesgos. * Indicador: medida cuantitativa que permite verificar el cumplimiento o avance de un objetivo, su seguimiento o medición periódica permite identificar la existencia de un riesgo. * Producto No Conforme: Es el resultado de un proceso que no cumple con los requisitos establecidos, por tanto, está relacionado con la materialización de riesgos. Esta opción solo aplica para los mapas de riesgos de los procesos misionales. * Auditorías: Hace referencia al resultado de las auditorias (interna o externas) en donde se genera informes de auditoría en los cuales se pueden evidenciar la materializan de riesgos. Nota: Los planes de mejoramiento derivados del desarrollo de este procedimiento, son incluidos en el Procedimiento para reporte y seguimiento de acciones correctivas y de mejora PR-1.3-02 y surten los pasos establecidos para su aprobación, ejecución, seguimiento, evaluación de la eficacia y modificación (cuando se requiera) según lo establecido en dicho documento.
A184: ACTIVIDADES DE TRATAMIENTO | F184: Registre las acciones que se adelantaran para el fortalecimiento o mejora de los controles existentes o la implementación de nuevos controles. Dichas acciones, pueden estar orientadas a reducir o evitar las causas que podrían generar el riesgo o mitigar las consecuencias de una posible materialización. Tener presente que para seleccionar las actividades se debe: - Asegurar que las actividades seleccionadas estén orientadas a atacar las causas señaladas en la identificación del riesgo, a fin de disminuir la probabilidad de su ocurrencia o a contrarrestar las consecuencias potenciales a fin de mitigar los impactos de la materialización del riesgo. - Equilibrar los costos y los esfuerzos, así como los beneficios finales, contemplando aspectos jurídicos, técnicos, institucionales, financieros y el análisis costo- beneficio. - Evaluar las soluciones potenciales y tener en cuenta las actividades que pueden afectar a otros procesos en el cumplimiento de objetivos, las restricciones de presupuesto, tiempo, capacidades de equipo, etc. - Validar las actividades previstas en los planes de mejoramiento ya formulados con el fin de no duplicar acciones.
A196: RESPONSABLE DE LA ACCIÓN | F196: Indique el(los) responsable(s) de ejecutar la actividad, relacionar el cargo.
A198: FECHA INICIO | F198: Registre la fecha en la cual iniciará la actividad propuesta.
A200: FECHA FINAL | F200: Registre la fecha en la cual finalizará la actividad propuesta.
A202: SEGUIMIENTO | F202: Deje en blanco esta casilla, la cual será diligenciada por el área de Gestión del Riesgo y Aseguramiento de la Calidad, en las verificaciones periódicas.

Sheet Listados
A1: Lista desplegable riesgos | B1: Lista factores Externos | C1: Lista factores Internos | D1: Lista Clasificación Riesgo | E1: Calificación | F1: Lista Descriptor Probabilidad | G1: Lista Descriptor Impacto | I1: Lista clasificación control | K1: RTA preguntas Prob 1 a 3 control | L1: Residual | M1: Opciones de manejo | N1: RTA pregunta 4 Prob control | O1: RTA pregunta 5 Prob control | P1: RTA pregunta 6 Prob control | Q1: RTA pregunta Imp control | R1: Mecanismo detección materialización | T1: PROCESOS
A2: Decisiones Erróneas (que el costo real sea diferente del estimado) | B2: Económicos | C2: Competencias | D2: Estratégico | E2: 1 | F2: Raro | G2: Insignificante | I2: Preventivo | K2: SI | L2: B | M2: Asumir | N2: Siempre | O2: Si; la implementación del control ha evitado la ocurrencia del riesgo por más de UN AÑO | P2: Si; la implementación del control ha evitado la ocurrencia del riesgo por más de un año | Q2: Si; cubre todos los efectos del riesgo | R2: Auditorías | T2: Direccionamiento estratégico
A3: Aumento de la percepción desfavorable de la relación costo beneficio del servicio (por las partes interesadas) | B3: Imagen | C3: Comunicación | D3: Operativo | E3: 2 | F3: Improbable | G3: Menor | I3: Detectivo | K3: NO | L3: M | M3: Reducir | N3: La mayoría de las veces | O3: Si; la implementación del control ha evitado la ocurrencia del riesgo en el ÚLTIMO AÑO | P3: No; nunca ha sido efectivo | Q3: Si; cubre parcialmente los efectos del riesgo | R3: Herramienta de seguimiento | T3: Gestión jurídica (Gestión y representación legal)
A4: Cubrimiento insuficiente de los requerimientos de información relacionados con el nuevo modelo de costos | B4: Legal | C4: Cultural | D4: Financiero | E4: 3 | F4: Posible | G4: Moderado | I4: Correctivo | L4: A | M4: Evitar, Compartir o Trasferir | N4: Algunas veces (muestra) | O4: Si; la implementación del control ha evitado la ocurrencia del riesgo en el ÚLTIMO SEMESTRE | Q4: No | R4: Indicador del proceso | T4: Estructuración y aseguramiento organizacional
A5: Demoras en ajustes de sistemas que contribuyen con la implementación financiera y estadística del modelo | B5: Medioambientales | C5: Documentación | D5: Tecnológico | E5: 4 | F5: Probable | G5: Mayor | L5: E | M5: Reducir, Evitar, Compartir o Trasferir | O5: Si; el riesgo aún ocurre con frecuencia, aunque en menor medida a que si no existiera el control | R5: Relacionamiento Directo con los OEC | T5: Gestión de relacionamiento y de comunicaciones
A6: Disminución de ingresos para ONAC | B6: Políticos | C6: Estratégico | D6: Cumplimiento | E6: 5 | F6: Casi seguro | G6: Catastrófico | O6: No; nunca ha sido efectivo | R6: Cronograma de implementación de los planes | T6: Control organizacional
A7: Errores en la cotización dirigida a los OEC | B7: Sociales | C7: Financiero | D7: Imagen o reputacional | H7: Lista Tipo de Impacto | R7: Quejas, reclamos, peticiones | T7: Investigación y contribución en la normalización y acreditación
A8: Errores relacionados con el espacio de tiempo en el que se implementa el modelo | B8: Tecnológicos | C8: Infraestructura | D8: Corrupción | H8: Confidencialidad de la Información | S8: FASES | T8: Diseño, desarrollo y mejora de servicios
A9: Incumplimientos de compromisos | B9: Mercado | C9: Jurídico | H9: Credibilidad o imagen | S9: Planeación e iniciación del proyecto | T9: Gestión de proyectos estratégicos
A10: Que los servicios no se ejecuten como se proyectaron (en el presupuesto) y el diseño del modelo se afecte | C10: Logístico | H10: Legal | S10: Sensibilización y capacitación | T10: Gestión del conocimiento
A11: Retrasos en la implementación o mejoras de sistemas de información que soportan actividades financieras | C11: Método - Procesos | H11: Operativo | S11: Determinación de los objetos de costo | T11: Gestión de competencias
A12: Retrasos en la Operación-Prestación del Servicio | C12: Seguridad | S12: Análisis y diagnóstico de los sistemas de información | T12: Planeación de recursos y servicios
A13: Transmisión de información errada a los OEC respecto a las nuevas tarifas | C13: Sistemas de Información | S13: Diseño y construcción del modelo de costos | T13: Gestión de venta
C14: Tecnología | S14: Implantación del sistema de costos | T14: Evaluación
C15: Estructura Jerárquica | T15: Revisión y atestación
T16: Cierre del servicio
T17: Seguimiento y control de la acreditación
A18: PROBABILIDAD | B18: IMPACTO | T18: Gestión de mercadeo
B19: INSIGNIFICANTE (1) | C19: MENOR (2) | D19: MODERADO (3) | E19: MAYOR (4) | F19: CATASTRÓFICO (5) | T19: Planeación y estructuración del modelo de atención a clientes
A20: (RARO) 1 | B20: B | C20: B | D20: M | E20: M | F20: E | J20: Tipo control | K20: Ponderación | T20: Gestión de desarrollo de cliente
A21: (IMPROBABLE) 2 | B21: B | C21: B | D21: M | E21: A | F21: E | J21: Gestión | K21: 100 | T21: Gestión de atención al cliente
A22: (POSIBLE) 3 | B22: B | C22: M | D22: A | E22: A | F22: E | J22: Operativo | K22: 50 | T22: Análisis interno de la prestación del servicio
A23: (PROBABLE) 4 | B23: M | C23: M | D23: A | E23: E | F23: E | J23: Legal | K23: 33.33 | T23: Evaluación de la satisfacción del cliente
A24: (CASI SEGURO) 5 | B24: A | C24: A | D24: E | E24: E | F24: E | K24: 0 | T24: Planeación financiera y de recursos
T25: Gestión contable y tributaria
C26: B | D26: M | E26: A | F26: E | H26: Si | I26: No | T26: Gestión de suministro y activos
A27: BAJA | C27: Asumir el riesgo | D27: Reducir el riesgo | E27: Reducir el riesgo | F27: Reducir el riesgo | H27: Si | I27: No | T27: Gestión de talento humano
A28: MODERADA | C28: Reducir el riesgo | E28: Evitar el riesgo | F28: Evitar el riesgo | H28: No | T28: Gestión de TI
A29: ALTA | C29: Evitar el riesgo | E29: Compartir o transferir. | F29: Compartir o transferir. | T29: Gestión documental
A30: EXTREMA | C30: Compartir o transferir. | T30: Seguimiento a la planeación financiera y de recursos
T31: Sistema de Gestión de Seguridad y Salud en el trabajo
C34: 1 | D34: 2 | E34: 3 | F34: 4 | G34: 5
B35: 1 | C35: B | D35: B | E35: M | F35: M | G35: E
B36: 2 | C36: B | D36: B | E36: M | F36: A | G36: E
B37: 3 | C37: B | D37: M | E37: A | F37: A | G37: E
B38: 4 | C38: M | D38: M | E38: A | F38: E | G38: E
B39: 5 | C39: A | D39: A | E39: E | F39: E | G39: E
A44: ponderación de controles
A45: 1 control | B45: 1
A46: 2 controles | B46: 50% para cada control

Sheet Preguntas
J2: PREGUNTA 1 | N2: PREGUNTA 2 | R2: PREGUNTA 3 | U2: PREGUNTA 4 | X2: PREGUNTA 4 | AA2: PREGUNTA 4 | AD2: PREGUNTA 5 | AG2: PREGUNTA 6
F3: Respuestas | G3: Valor | J3: CRITERIO | N3: PARÁMETRO | O3: CRITERIO | R3: PARÁMETRO | S3: CRITERIO | U3: PARÁMETRO | V3: CRITERIO | X3: PARÁMETRO | Y3: CRITERIO | AA3: Respuestas | AB3: Valor | AD3: Respuestas | AE3: Valor | AG3: Respuestas | AH3: Valor
B4: Column1 | C4: Column5 | F4: No | G4: 0 | J4: ¿El control se aplica mediante algún sistema de información o herramienta tecnológica? | K4: SI | L4: 10 | N4: Siempre | O4: 15 | R4: Si; la implementación del control ha evitado la ocurrencia del riesgo por más de UN AÑO | S4: 20 | U4: Seguimiento a la aplicación del control | V4: ¿Existe algún mecanismo para hacer seguimiento a la aplicación del control? | X4: En caso de no aplicar o que falle el control: ¿Cuenta con un plan de respaldo, de contingencia, copias de seguridad, pólizas de seguro? | Y4: ¿Cubre todos los efectos del riesgo? | AA4: Siempre | AB4: 15 | AD4: SI: La implementación del control ha evitado la ocurrencia del riesgo por MÁS de 1 AÑO | AE4: 25 | AG4: SI: Cubren todos los efectos del riesgo | AH4: 20
A5: PREGUNTA 1 | B5: 10 ¿Están definidos los responsables de la ejecución del control? | C5: 10 | F5: Si | G5: 1 | K5: NO | L5: 5 | N5: La mayoría de las veces | O5: 10 | R5: Si; la implementación del control ha evitado la ocurrencia del riesgo en el ÚLTIMO AÑO | S5: 15 | U5: Si; la implementación del control ha evitado la ocurrencia del riesgo por más de un año | V5: 10 | X5: Si; cubre todos los efectos del riesgo | Y5: 20 | AA5: La mayoría de las veces | AB5: 10 | AD5: SI: La implementación del control ha evitado la ocurrencia del riesgo EN EL ÚLTIMO AÑO | AE5: 15 | AG5: SI: Cubren parcialmente los efectos del riesgo | AH5: 10
A6: PREGUNTA 2 | B6: 15 ¿Existen manuales, procedimientos o instructivos donde se indique la aplicación del control? | C6: 15 | J6: ¿Existe algún documento formal que indique la aplicación del control? | K6: SI | L6: 15 | N6: Algunas veces (muestra) | O6: 5 | R6: Si; la implementación del control ha evitado la ocurrencia del riesgo en el ÚLTIMO SEMESTRE | S6: 10 | U6: No; nunca ha sido efectivo | V6: 0 | X6: Si; cubre parcialmente los efectos del riesgo | Y6: 10 | AA6: Algunas veces (muestra | AB6: 5 | AD6: SI: La implementación del control ha evitado la ocurrencia del riesgo EN EL ÚLTIMO SEMESTRE | AE6: 10 | AG6: No | AH6: 0
A7: PREGUNTA 3 | B7: 15 ¿Posee una herramienta para ejercer el control? | C7: 15 | K7: NO | L7: 0 | R7: Si; el riesgo aún ocurre con frecuencia, aunque en menor medida a que si no existiera el control | S7: 5 | X7: No | Y7: 0 | AD7: SI: El riesgo aún ocurre con frecuencia, aunque en menor medida a que si no existiera el control | AE7: 5
A8: PREGUNTA 4 | B8: 15 ¿El control se aplica todas las veces que se realiza la actividad crítica? | C8: 15 | J8: ¿Están definidos los responsables de la ejecución del control? | K8: SI | L8: 10 | R8: No; nunca ha sido efectivo | S8: 0 | AD8: NO. Nunca ha sido efectivo | AE8: 0
A9: PREGUNTA 5 | B9: 25 ¿En el tiempo que lleva implementado el control ha demostrado ser efectivo? | C9: 25 | K9: NO | L9: 0
A10: PREGUNTA 6 | B10: 20 ¿Cuenta con copias de seguridad, pólizas de seguro, planes de respaldo o planes de contingencia, para mitigar efectos del riesgo en caso de materialización? | C10: 20
B11: Pregunta | C11: Valor
